Workbook

Sheet PharmaSales&R&D
A1: Row Labels | B1: Sum of Total Revenue [CY 1985] ($USDmm, Historical rate) | C1: Sum of Total Revenue [CY 1986] ($USDmm, Historical rate) | D1: Sum of Total Revenue [CY 1987] ($USDmm, Historical rate) | E1: Sum of Total Revenue [CY 1988] ($USDmm, Historical rate) | F1: Sum of Total Revenue [CY 1989] ($USDmm, Historical rate) | G1: Sum of Total Revenue [CY 1990] ($USDmm, Historical rate) | H1: Sum of Total Revenue [CY 1991] ($USDmm, Historical rate) | I1: Sum of Total Revenue [CY 1992] ($USDmm, Historical rate) | J1: Sum of Total Revenue [CY 1993] ($USDmm, Historical rate) | K1: Sum of Total Revenue [CY 1994] ($USDmm, Historical rate) | L1: Sum of Total Revenue [CY 1995] ($USDmm, Historical rate) | M1: Sum of Total Revenue [CY 1996] ($USDmm, Historical rate) | N1: Sum of Total Revenue [CY 1997] ($USDmm, Historical rate) | O1: Sum of Total Revenue [CY 1998] ($USDmm, Historical rate) | P1: Sum of Total Revenue [CY 1999] ($USDmm, Historical rate) | Q1: Sum of Total Revenue [CY 2000] ($USDmm, Historical rate) | R1: Sum of Total Revenue [CY 2001] ($USDmm, Historical rate) | S1: Sum of Total Revenue [CY 2002] ($USDmm, Historical rate) | T1: Sum of Total Revenue [CY 2003] ($USDmm, Historical rate) | U1: Sum of Total Revenue [CY 2004] ($USDmm, Historical rate) | V1: Sum of Total Revenue [CY 2005] ($USDmm, Historical rate) | W1: Sum of Total Revenue [CY 2006] ($USDmm, Historical rate) | X1: Sum of Total Revenue [CY 2007] ($USDmm, Historical rate) | Y1: Sum of Total Revenue [CY 2008] ($USDmm, Historical rate) | Z1: Sum of Total Revenue [CY 2009] ($USDmm, Historical rate) | AA1: Sum of Total Revenue [CY 2010] ($USDmm, Historical rate) | AB1: Sum of Total Revenue [CY 2011] ($USDmm, Historical rate) | AC1: Sum of Total Revenue [CY 2012] ($USDmm, Historical rate) | AD1: Sum of Total Revenue [CY 2013] ($USDmm, Historical rate) | AE1: Sum of Total Revenue [CY 2014] ($USDmm, Historical rate) | AF1: Sum of EBIT [CY 1985] ($USDmm, Historical rate) | AG1: Sum of EBIT [CY 1986] ($USDmm, Historical rate) | AH1: Sum of EBIT [CY 1987] ($USDmm, Historical rate) | AI1: Sum of EBIT [CY 1988] ($USDmm, Historical rate) | AJ1: Sum of EBIT [CY 1989] ($USDmm, Historical rate) | AK1: Sum of EBIT [CY 1990] ($USDmm, Historical rate) | AL1: Sum of EBIT [CY 1991] ($USDmm, Historical rate) | AM1: Sum of EBIT [CY 1992] ($USDmm, Historical rate) | AN1: Sum of EBIT [CY 1993] ($USDmm, Historical rate) | AO1: Sum of EBIT [CY 1994] ($USDmm, Historical rate) | AP1: Sum of EBIT [CY 1995] ($USDmm, Historical rate) | AQ1: Sum of EBIT [CY 1996] ($USDmm, Historical rate) | AR1: Sum of EBIT [CY 1997] ($USDmm, Historical rate) | AS1: Sum of EBIT [CY 1998] ($USDmm, Historical rate) | AT1: Sum of EBIT [CY 1999] ($USDmm, Historical rate) | AU1: Sum of EBIT [CY 2000] ($USDmm, Historical rate) | AV1: Sum of EBIT [CY 2001] ($USDmm, Historical rate) | AW1: Sum of EBIT [CY 2002] ($USDmm, Historical rate) | AX1: Sum of EBIT [CY 2003] ($USDmm, Historical rate) | AY1: Sum of EBIT [CY 2004] ($USDmm, Historical rate) | AZ1: Sum of EBIT [CY 2005] ($USDmm, Historical rate) | BA1: Sum of EBIT [CY 2006] ($USDmm, Historical rate) | BB1: Sum of EBIT [CY 2007] ($USDmm, Historical rate) | BC1: Sum of EBIT [CY 2008] ($USDmm, Historical rate) | BD1: Sum of EBIT [CY 2009] ($USDmm, Historical rate) | BE1: Sum of EBIT [CY 2010] ($USDmm, Historical rate) | BF1: Sum of EBIT [CY 2011] ($USDmm, Historical rate) | BG1: Sum of EBIT [CY 2012] ($USDmm, Historical rate) | BH1: Sum of EBIT [CY 2013] ($USDmm, Historical rate) | BI1: Sum of EBIT [CY 2014] ($USDmm, Historical rate) | BJ1: Sum of R&D Exp. [CY 1985] ($USDmm, Historical rate) | BK1: Sum of R&D Exp. [CY 1986] ($USDmm, Historical rate) | BL1: Sum of R&D Exp. [CY 1987] ($USDmm, Historical rate) | BM1: Sum of R&D Exp. [CY 1988] ($USDmm, Historical rate) | BN1: Sum of R&D Exp. [CY 1989] ($USDmm, Historical rate) | BO1: Sum of R&D Exp. [CY 1990] ($USDmm, Historical rate) | BP1: Sum of R&D Exp. [CY 1991] ($USDmm, Historical rate) | BQ1: Sum of R&D Exp. [CY 1992] ($USDmm, Historical rate) | BR1: Sum of R&D Exp. [CY 1993] ($USDmm, Historical rate) | BS1: Sum of R&D Exp. [CY 1994] ($USDmm, Historical rate) | BT1: Sum of R&D Exp. [CY 1995] ($USDmm, Historical rate) | BU1: Sum of R&D Exp. [CY 1996] ($USDmm, Historical rate) | BV1: Sum of R&D Exp. [CY 1997] ($USDmm, Historical rate) | BW1: Sum of R&D Exp. [CY 1998] ($USDmm, Historical rate) | BX1: Sum of R&D Exp. [CY 1999] ($USDmm, Historical rate) | BY1: Sum of R&D Exp. [CY 2000] ($USDmm, Historical rate) | BZ1: Sum of R&D Exp. [CY 2001] ($USDmm, Historical rate) | CA1: Sum of R&D Exp. [CY 2002] ($USDmm, Historical rate) | CB1: Sum of R&D Exp. [CY 2003] ($USDmm, Historical rate) | CC1: Sum of R&D Exp. [CY 2004] ($USDmm, Historical rate) | CD1: Sum of R&D Exp. [CY 2005] ($USDmm, Historical rate) | CE1: Sum of R&D Exp. [CY 2006] ($USDmm, Historical rate) | CF1: Sum of R&D Exp. [CY 2007] ($USDmm, Historical rate) | CG1: Sum of R&D Exp. [CY 2008] ($USDmm, Historical rate) | CH1: Sum of R&D Exp. [CY 2009] ($USDmm, Historical rate) | CI1: Sum of R&D Exp. [CY 2010] ($USDmm, Historical rate) | CJ1: Sum of R&D Exp. [CY 2011] ($USDmm, Historical rate) | CK1: Sum of R&D Exp. [CY 2012] ($USDmm, Historical rate) | CL1: Sum of R&D Exp. [CY 2013] ($USDmm, Historical rate) | CM1: Sum of R&D Exp. [CY 2014] ($USDmm, Historical rate)
A2: Biotechnology | E2: 9.843 | F2: 18.626 | G2: 51.868 | H2: 800.959 | I2: 1464.998 | J2: 2173.433 | K2: 2774.505 | L2: 3967.148 | M2: 4705.51 | N2: 5375.244 | O2: 6530.248 | P2: 6551.314 | Q2: 6865.116 | R2: 7686.278 | S2: 8557.644 | T2: 12340.981 | U2: 16720.374 | V2: 19940.228 | W2: 23813.692 | X2: 27215.808 | Y2: 31353.414 | Z2: 48531.853 | AA2: 54072.684 | AB2: 66378.184 | AC2: 73361.394 | AD2: 81066.368 | AE2: 105054.11 | AI2: -23.72 | AJ2: -49.92 | AK2: -99.564 | AL2: 93.464 | AM2: 181.19 | AN2: 139.301 | AO2: -178.665 | AP2: -193.251 | AQ2: -241.239 | AR2: -640.556 | AS2: -594.978 | AT2: -324.903 | AU2: -774.76 | AV2: -1138.124 | AW2: -1080.102 | AX2: -451.995 | AY2: -124.674 | AZ2: 1414.306 | BA2: 1480.542 | BB2: 1733.829 | BC2: 3687.768 | BD2: 11602.109 | BE2: 13394.647 | BF2: 16057.175 | BG2: 17560.01 | BH2: 17170.556 | BI2: 29118.979 | BM2: 0 | BN2: 18.6 | BO2: 40.31 | BP2: 210.03 | BQ2: 348.62 | BR2: 584.069 | BS2: 929.422 | BT2: 1258.193 | BU2: 1608.337 | BV2: 2032.09 | BW2: 2183.677 | BX2: 2449.818 | BY2: 2640.415 | BZ2: 3091.945 | CA2: 3353.804 | CB2: 4179.226 | CC2: 5589.276 | CD2: 6267.059 | CE2: 7974.535 | CF2: 9186.891 | CG2: 9515.249 | CH2: 10765.269 | CI2: 11492.839 | CJ2: 12736.861 | CK2: 14324.277 | CL2: 16859.046 | CM2: 20001.761
A3: Pharmaceuticals | F3: 1.76 | G3: 32334.37 | H3: 48276.775 | I3: 51365.12 | J3: 53202.735 | K3: 61637.227 | L3: 72311.276 | M3: 80542.982 | N3: 91171.576 | O3: 109332.61 | P3: 126452.9 | Q3: 136752.6 | R3: 125573.17 | S3: 131605.12 | T3: 152999.6 | U3: 165505.25 | V3: 167975.58 | W3: 172778.62 | X3: 187586.77 | Y3: 199230.02 | Z3: 189531.68 | AA3: 227091.77 | AB3: 235662.88 | AC3: 228617.37 | AD3: 233973.23 | AE3: 237890.1 | AJ3: -0.922 | AK3: 8260.16 | AL3: 11882.57 | AM3: 12682.016 | AN3: 13559.481 | AO3: 15356.067 | AP3: 17473.579 | AQ3: 19635.362 | AR3: 22209.12 | AS3: 26249.276 | AT3: 32351.384 | AU3: 36385.466 | AV3: 39525.815 | AW3: 40559.284 | AX3: 40827.487 | AY3: 43963.966 | AZ3: 40435.267 | BA3: 40554.558 | BB3: 43289.824 | BC3: 50070.598 | BD3: 51240.7 | BE3: 56993.848 | BF3: 60388.131 | BG3: 57409.003 | BH3: 56997.649 | BI3: 56697.832 | BN3: 2.07 | BO3: 3453.886 | BP3: 4910.496 | BQ3: 5464.45 | BR3: 5833.728 | BS3: 6351.078 | BT3: 7499.097 | BU3: 8410.119 | BV3: 9671.615 | BW3: 12188.01 | BX3: 14013.725 | BY3: 15607.414 | BZ3: 17259.271 | CA3: 18356.468 | CB3: 22525.823 | CC3: 24485.255 | CD3: 25868.974 | CE3: 27787.1 | CF3: 30412.779 | CG3: 31749.393 | CH3: 29521.834 | CI3: 34445.509 | CJ3: 33710.933 | CK3: 33097.172 | CL3: 33413.164 | CM3: 34158.621
A4: Grand Total | E4: 9.843 | F4: 20.386 | G4: 32386.238 | H4: 49077.734 | I4: 52830.118 | J4: 55376.168 | K4: 64411.732 | L4: 76278.424 | M4: 85248.492 | N4: 96546.82 | O4: 115862.86 | P4: 133004.21 | Q4: 143617.72 | R4: 133259.45 | S4: 140162.76 | T4: 165340.58 | U4: 182225.62 | V4: 187915.8 | W4: 196592.31 | X4: 214802.58 | Y4: 230583.43 | Z4: 238063.54 | AA4: 281164.45 | AB4: 302041.06 | AC4: 301978.77 | AD4: 315039.6 | AE4: 342944.21 | AI4: -23.72 | AJ4: -50.842 | AK4: 8160.596 | AL4: 11976.034 | AM4: 12863.206 | AN4: 13698.782 | AO4: 15177.402 | AP4: 17280.328 | AQ4: 19394.123 | AR4: 21568.564 | AS4: 25654.298 | AT4: 32026.481 | AU4: 35610.706 | AV4: 38387.691 | AW4: 39479.182 | AX4: 40375.492 | AY4: 43839.292 | AZ4: 41849.573 | BA4: 42035.1 | BB4: 45023.653 | BC4: 53758.366 | BD4: 62842.809 | BE4: 70388.495 | BF4: 76445.306 | BG4: 74969.013 | BH4: 74168.205 | BI4: 85816.811 | BM4: 0 | BN4: 20.67 | BO4: 3494.196 | BP4: 5120.526 | BQ4: 5813.07 | BR4: 6417.797 | BS4: 7280.5 | BT4: 8757.29 | BU4: 10018.456 | BV4: 11703.705 | BW4: 14371.687 | BX4: 16463.543 | BY4: 18247.829 | BZ4: 20351.216 | CA4: 21710.272 | CB4: 26705.049 | CC4: 30074.531 | CD4: 32136.033 | CE4: 35761.635 | CF4: 39599.67 | CG4: 41264.642 | CH4: 40287.103 | CI4: 45938.348 | CJ4: 46447.794 | CK4: 47421.449 | CL4: 50272.21 | CM4: 54160.382
A6: Row Labels | B6: Sum of Market Capitalization [My Setting] [12/31/1990] ($USDmm, Historical rate) | C6: Sum of Market Capitalization [My Setting] [12/31/1991] ($USDmm, Historical rate) | D6: Sum of Market Capitalization [My Setting] [12/31/1992] ($USDmm, Historical rate) | E6: Sum of Market Capitalization [My Setting] [12/31/1993] ($USDmm, Historical rate) | F6: Sum of Market Capitalization [My Setting] [12/31/1994] ($USDmm, Historical rate) | G6: Sum of Market Capitalization [My Setting] [12/31/1995] ($USDmm, Historical rate) | H6: Sum of Market Capitalization [My Setting] [12/31/1996] ($USDmm, Historical rate) | I6: Sum of Market Capitalization [My Setting] [12/31/1997] ($USDmm, Historical rate) | J6: Sum of Market Capitalization [My Setting] [12/31/1998] ($USDmm, Historical rate) | K6: Sum of Market Capitalization [My Setting] [12/31/1999] ($USDmm, Historical rate) | L6: Sum of Market Capitalization [My Setting] [12/31/2000] ($USDmm, Historical rate) | M6: Sum of Market Capitalization [My Setting] [12/31/2001] ($USDmm, Historical rate) | N6: Sum of Market Capitalization [My Setting] [12/31/2002] ($USDmm, Historical rate) | O6: Sum of Market Capitalization [My Setting] [12/31/2003] ($USDmm, Historical rate) | P6: Sum of Market Capitalization [My Setting] [12/31/2004] ($USDmm, Historical rate) | Q6: Sum of Market Capitalization [My Setting] [12/31/2005] ($USDmm, Historical rate) | R6: Sum of Market Capitalization [My Setting] [12/31/2006] ($USDmm, Historical rate) | S6: Sum of Market Capitalization [My Setting] [12/31/2007] ($USDmm, Historical rate) | T6: Sum of Market Capitalization [My Setting] [12/31/2008] ($USDmm, Historical rate) | U6: Sum of Market Capitalization [My Setting] [12/31/2009] ($USDmm, Historical rate) | V6: Sum of Market Capitalization [My Setting] [12/31/2010] ($USDmm, Historical rate) | W6: Sum of Market Capitalization [My Setting] [12/31/2011] ($USDmm, Historical rate) | X6: Sum of Market Capitalization [My Setting] [12/31/2012] ($USDmm, Historical rate) | Y6: Sum of Market Capitalization [My Setting] [12/31/2013] ($USDmm, Historical rate) | Z6: Sum of Market Capitalization [My Setting] [12/31/2014] ($USDmm, Historical rate) | AA6: Sum of Total Enterprise Value [My Setting] [12/31/1990] ($USDmm, Historical rate) | AB6: Sum of Total Enterprise Value [My Setting] [12/31/1991] ($USDmm, Historical rate) | AC6: Sum of Total Enterprise Value [My Setting] [12/31/1992] ($USDmm, Historical rate) | AD6: Sum of Total Enterprise Value [My Setting] [12/31/1993] ($USDmm, Historical rate) | AE6: Sum of Total Enterprise Value [My Setting] [12/31/1994] ($USDmm, Historical rate) | AF6: Sum of Total Enterprise Value [My Setting] [12/31/1995] ($USDmm, Historical rate) | AG6: Sum of Total Enterprise Value [My Setting] [12/31/1996] ($USDmm, Historical rate) | AH6: Sum of Total Enterprise Value [My Setting] [12/31/1997] ($USDmm, Historical rate) | AI6: Sum of Total Enterprise Value [My Setting] [12/31/1998] ($USDmm, Historical rate) | AJ6: Sum of Total Enterprise Value [My Setting] [12/31/1999] ($USDmm, Historical rate) | AK6: Sum of Total Enterprise Value [My Setting] [12/31/2000] ($USDmm, Historical rate) | AL6: Sum of Total Enterprise Value [My Setting] [12/31/2001] ($USDmm, Historical rate) | AM6: Sum of Total Enterprise Value [My Setting] [12/31/2002] ($USDmm, Historical rate) | AN6: Sum of Total Enterprise Value [My Setting] [12/31/2003] ($USDmm, Historical rate) | AO6: Sum of Total Enterprise Value [My Setting] [12/31/2004] ($USDmm, Historical rate) | AP6: Sum of Total Enterprise Value [My Setting] [12/31/2005] ($USDmm, Historical rate) | AQ6: Sum of Total Enterprise Value [My Setting] [12/31/2006] ($USDmm, Historical rate) | AR6: Sum of Total Enterprise Value [My Setting] [12/31/2007] ($USDmm, Historical rate) | AS6: Sum of Total Enterprise Value [My Setting] [12/31/2008] ($USDmm, Historical rate) | AT6: Sum of Total Enterprise Value [My Setting] [12/31/2009] ($USDmm, Historical rate) | AU6: Sum of Total Enterprise Value [My Setting] [12/31/2010] ($USDmm, Historical rate) | AV6: Sum of Total Enterprise Value [My Setting] [12/31/2011] ($USDmm, Historical rate) | AW6: Sum of Total Enterprise Value [My Setting] [12/31/2012] ($USDmm, Historical rate) | AX6: Sum of Total Enterprise Value [My Setting] [12/31/2013] ($USDmm, Historical rate) | AY6: Sum of Total Enterprise Value [My Setting] [12/31/2014] ($USDmm, Historical rate) | AZ6: Sum of Total Debt [Latest Annual - 24] ($USDmm, Historical rate) | BA6: Sum of Total Debt [Latest Annual - 23] ($USDmm, Historical rate) | BB6: Sum of Total Debt [Latest Annual - 22] ($USDmm, Historical rate) | BC6: Sum of Total Debt [Latest Annual - 21] ($USDmm, Historical rate) | BD6: Sum of Total Debt [Latest Annual - 20] ($USDmm, Historical rate) | BE6: Sum of Total Debt [Latest Annual - 19] ($USDmm, Historical rate) | BF6: Sum of Total Debt [Latest Annual - 18] ($USDmm, Historical rate) | BG6: Sum of Total Debt [Latest Annual - 17] ($USDmm, Historical rate) | BH6: Sum of Total Debt [Latest Annual - 16] ($USDmm, Historical rate) | BI6: Sum of Total Debt [Latest Annual - 15] ($USDmm, Historical rate) | BJ6: Sum of Total Debt [Latest Annual - 14] ($USDmm, Historical rate) | BK6: Sum of Total Debt [Latest Annual - 13] ($USDmm, Historical rate) | BL6: Sum of Total Debt [Latest Annual - 12] ($USDmm, Historical rate) | BM6: Sum of Total Debt [Latest Annual - 11] ($USDmm, Historical rate) | BN6: Sum of Total Debt [Latest Annual - 10] ($USDmm, Historical rate) | BO6: Sum of Total Debt [Latest Annual - 9] ($USDmm, Historical rate) | BP6: Sum of Total Debt [Latest Annual - 8] ($USDmm, Historical rate) | BQ6: Sum of Total Debt [Latest Annual - 7] ($USDmm, Historical rate) | BR6: Sum of Total Debt [Latest Annual - 6] ($USDmm, Historical rate) | BS6: Sum of Total Debt [Latest Annual - 5] ($USDmm, Historical rate) | BT6: Sum of Total Debt [Latest Annual - 4] ($USDmm, Historical rate) | BU6: Sum of Total Debt [Latest Annual - 3] ($USDmm, Historical rate) | BV6: Sum of Total Debt [Latest Annual - 2] ($USDmm, Historical rate) | BW6: Sum of Total Debt [Latest Annual - 1] ($USDmm, Historical rate) | BX6: Sum of Total Debt [Latest Annual] ($USDmm, Historical rate) | BY6: Sum of Net Income [CY 1990] ($USDmm, Historical rate) | BZ6: Sum of Net Income [CY 1991] ($USDmm, Historical rate) | CA6: Sum of Net Income [CY 1992] ($USDmm, Historical rate) | CB6: Sum of Net Income [CY 1993] ($USDmm, Historical rate) | CC6: Sum of Net Income [CY 1994] ($USDmm, Historical rate) | CD6: Sum of Net Income [CY 1995] ($USDmm, Historical rate) | CE6: Sum of Net Income [CY 1996] ($USDmm, Historical rate) | CF6: Sum of Net Income [CY 1997] ($USDmm, Historical rate) | CG6: Sum of Net Income [CY 1998] ($USDmm, Historical rate) | CH6: Sum of Net Income [CY 1999] ($USDmm, Historical rate) | CI6: Sum of Net Income [CY 2000] ($USDmm, Historical rate) | CJ6: Sum of Net Income [CY 2001] ($USDmm, Historical rate) | CK6: Sum of Net Income [CY 2002] ($USDmm, Historical rate) | CL6: Sum of Net Income [CY 2003] ($USDmm, Historical rate) | CM6: Sum of Net Income [CY 2004] ($USDmm, Historical rate) | CN6: Sum of Net Income [CY 2005] ($USDmm, Historical rate) | CO6: Sum of Net Income [CY 2006] ($USDmm, Historical rate) | CP6: Sum of Net Income [CY 2007] ($USDmm, Historical rate) | CQ6: Sum of Net Income [CY 2008] ($USDmm, Historical rate) | CR6: Sum of Net Income [CY 2009] ($USDmm, Historical rate) | CS6: Sum of Net Income [CY 2010] ($USDmm, Historical rate) | CT6: Sum of Net Income [CY 2011] ($USDmm, Historical rate) | CU6: Sum of Net Income [CY 2012] ($USDmm, Historical rate) | CV6: Sum of Net Income [CY 2013] ($USDmm, Historical rate) | CW6: Sum of Net Income [CY 2014] ($USDmm, Historical rate) | CX6: Sum of Cash Acquisitions [CY 1990] ($USDmm, Historical rate) | CY6: Sum of Cash Acquisitions [CY 1991] ($USDmm, Historical rate) | CZ6: Sum of Cash Acquisitions [CY 1992] ($USDmm, Historical rate) | DA6: Sum of Cash Acquisitions [CY 1993] ($USDmm, Historical rate) | DB6: Sum of Cash Acquisitions [CY 1994] ($USDmm, Historical rate) | DC6: Sum of Cash Acquisitions [CY 1995] ($USDmm, Historical rate) | DD6: Sum of Cash Acquisitions [CY 1996] ($USDmm, Historical rate) | DE6: Sum of Cash Acquisitions [CY 1997] ($USDmm, Historical rate) | DF6: Sum of Cash Acquisitions [CY 1998] ($USDmm, Historical rate) | DG6: Sum of Cash Acquisitions [CY 1999] ($USDmm, Historical rate) | DH6: Sum of Cash Acquisitions [CY 2000] ($USDmm, Historical rate) | DI6: Sum of Cash Acquisitions [CY 2001] ($USDmm, Historical rate) | DJ6: Sum of Cash Acquisitions [CY 2002] ($USDmm, Historical rate) | DK6: Sum of Cash Acquisitions [CY 2003] ($USDmm, Historical rate) | DL6: Sum of Cash Acquisitions [CY 2004] ($USDmm, Historical rate) | DM6: Sum of Cash Acquisitions [CY 2005] ($USDmm, Historical rate) | DN6: Sum of Cash Acquisitions [CY 2006] ($USDmm, Historical rate) | DO6: Sum of Cash Acquisitions [CY 2007] ($USDmm, Historical rate) | DP6: Sum of Cash Acquisitions [CY 2008] ($USDmm, Historical rate) | DQ6: Sum of Cash Acquisitions [CY 2009] ($USDmm, Historical rate) | DR6: Sum of Cash Acquisitions [CY 2010] ($USDmm, Historical rate) | DS6: Sum of Cash Acquisitions [CY 2011] ($USDmm, Historical rate) | DT6: Sum of Cash Acquisitions [CY 2012] ($USDmm, Historical rate) | DU6: Sum of Cash Acquisitions [CY 2013] ($USDmm, Historical rate) | DV6: Sum of Cash Acquisitions [CY 2014] ($USDmm, Historical rate)
A7: Biotechnology (Primary) | B7: 4131.401 | C7: 16576.594 | D7: 16726.935 | E7: 15170.145 | F7: 13990.537 | G7: 31706.383 | H7: 39250.621 | I7: 39319.955 | J7: 53254.98 | K7: 121309.2 | L7: 155612.31 | M7: 138567.51 | N7: 95291.968 | O7: 140394.47 | P7: 164445.42 | Q7: 191645 | R7: 198482.23 | S7: 182469.74 | T7: 184776.29 | U7: 196806.4 | V7: 197278.16 | W7: 213819.11 | X7: 303414.22 | Y7: 624461.97 | Z7: 848993.92 | AA7: 434.4 | AB7: 1388.2 | AC7: 10920.45 | AD7: 9702.9 | AE7: 10131.261 | AF7: 24843.223 | AG7: 34149.241 | AH7: 33339.86 | AI7: 48844.181 | AJ7: 115361.3 | AK7: 143816.32 | AL7: 126799.74 | AM7: 88597.347 | AN7: 133563.07 | AO7: 156931.49 | AP7: 182286.19 | AQ7: 193343.48 | AR7: 179638.25 | AS7: 177119.24 | AT7: 185204.25 | AU7: 183453.73 | AV7: 203447.38 | AW7: 301554.15 | AX7: 625268.12 | AY7: 842674.15 | AZ7: 61.935 | BA7: 60.582 | BB7: 159.701 | BC7: 350.91 | BD7: 402.62 | BE7: 434.298 | BF7: 400.58 | BG7: 586.463 | BH7: 725.206 | BI7: 1251.73 | BJ7: 2621.691 | BK7: 3049.718 | BL7: 7152.816 | BM7: 7933.542 | BN7: 9511.493 | BO7: 8452.604 | BP7: 15186.749 | BQ7: 18855.023 | BR7: 16264.954 | BS7: 17781.149 | BT7: 24426.194 | BU7: 37971.642 | BV7: 62918.439 | BW7: 68870.85 | BX7: 75963.074 | BY7: -92.691 | BZ7: -32.843 | CA7: 40.067 | CB7: -439.615 | CC7: -643.168 | CD7: -504.982 | CE7: -517.323 | CF7: -1257.838 | CG7: -1199.361 | CH7: -927.023 | CI7: -1334.358 | CJ7: -1499.632 | CK7: -5141.211 | CL7: -2879.434 | CM7: -2674.351 | CN7: -1316.946 | CO7: -3982.934 | CP7: -1362.77 | CQ7: -1989.205 | CR7: 8969.746 | CS7: 8669.621 | CT7: 8873.132 | CU7: 10198.648 | CV7: 8353.195 | CW7: 15472.836 | CX7: -0.259 | CY7: 0.105 | CZ7: -0.2 | DA7: -59.849 | DB7: -235.958 | DC7: -18.956 | DD7: -70.513 | DE7: -43.718 | DF7: -137.608 | DG7: -88.216 | DH7: -47.858 | DI7: -112.076 | DJ7: -2413.21 | DK7: -244.779 | DL7: -244.73 | DM7: -435.212 | DN7: -5394.02 | DO7: -986.416 | DP7: -835.107 | DQ7: -1483.343 | DR7: -5564.125 | DS7: -1947.763 | DT7: -15202.412 | DU7: -10446.22 | DV7: -3717.013
A8: Pharmaceuticals (Primary) | B8: 93686.198 | C8: 153141.84 | D8: 140045.89 | E8: 157147.61 | F8: 172275.11 | G8: 287811.65 | H8: 348635.62 | I8: 545806.88 | J8: 776322.53 | K8: 690791.41 | L8: 1009240.7 | M8: 824119.79 | N8: 633090.11 | O8: 703133.97 | P8: 624653.55 | Q8: 578728.7 | R8: 640883.1 | S8: 646977.15 | T8: 482313.92 | U8: 544832.18 | V8: 535682.52 | W8: 602430.89 | X8: 658832.45 | Y8: 866017.55 | Z8: 1011765.3 | AA8: 0 | AB8: 0 | AC8: 139847.4 | AD8: 157834.4 | AE8: 174941.37 | AF8: 280975.96 | AG8: 354969.16 | AH8: 548763.27 | AI8: 776665.43 | AJ8: 694092.07 | AK8: 1011361 | AL8: 831207.48 | AM8: 643887.53 | AN8: 712195.66 | AO8: 626079.87 | AP8: 562886.36 | AQ8: 625166.19 | AR8: 632167.26 | AS8: 479567.14 | AT8: 521047.83 | AU8: 558283.86 | AV8: 609101.27 | AW8: 686573.09 | AX8: 897476.97 | AY8: 1049179.1 | AZ8: 0 | BA8: 4695.33 | BB8: 7268.01 | BC8: 9161.288 | BD8: 13494.023 | BE8: 12875.631 | BF8: 12205.715 | BG8: 12993.182 | BH8: 17547.463 | BI8: 24348.84 | BJ8: 24413.263 | BK8: 32826.462 | BL8: 40238.087 | BM8: 42900.132 | BN8: 48551.208 | BO8: 47626.628 | BP8: 37523.436 | BQ8: 43234.427 | BR8: 57645.125 | BS8: 101545.06 | BT8: 102741.64 | BU8: 107781.59 | BV8: 114889.35 | BW8: 140904.49 | BX8: 137104.11 | BY8: 6019.26 | BZ8: 8342.42 | CA8: 7230.456 | CB8: 7784.853 | CC8: 10052.211 | CD8: 12252.153 | CE8: 14234.65 | CF8: 14353.995 | CG8: 19107.011 | CH8: 23379.315 | CI8: 24699.526 | CJ8: 29037.48 | CK8: 28510.745 | CL8: 22112.766 | CM8: 27291.106 | CN8: 26670.735 | CO8: 38371.744 | CP8: 24750.794 | CQ8: 32772.633 | CR8: 47766.814 | CS8: 29974.071 | CT8: 34369.862 | CU8: 37369.607 | CV8: 44967.227 | CW8: 40127.885 | CX8: 1 | CY8: -139.5 | CZ8: -139.01 | DA8: -2255.041 | DB8: -6643.078 | DC8: -2073.429 | DD8: -1059.97 | DE8: -846.187 | DF8: -4244.076 | DG8: -626.587 | DH8: -1604.546 | DI8: -8306.785 | DJ8: -765.432 | DK8: -2818.708 | DL8: -3155.365 | DM8: -3461.574 | DN8: -22342.613 | DO8: -21922.858 | DP8: -9161.549 | DQ8: -64370.412 | DR8: -3310.007 | DS8: -10687.817 | DT8: -23314.716 | DU8: -7834.593 | DV8: -16278.87
A9: Grand Total | B9: 97817.599 | C9: 169718.43 | D9: 156772.83 | E9: 172317.76 | F9: 186265.65 | G9: 319518.03 | H9: 387886.24 | I9: 585126.83 | J9: 829577.51 | K9: 812100.61 | L9: 1164853 | M9: 962687.3 | N9: 728382.08 | O9: 99233026 | P9: 99178596 | Q9: 770373.7 | R9: 4.9257728e+08 | S9: 829446.89 | T9: 667090.21 | U9: 741638.57 | V9: 732960.68 | W9: 816250 | X9: 962246.67 | Y9: 1490479.5 | Z9: 1860759.2 | AA9: 434.4 | AB9: 1388.2 | AC9: 150767.85 | AD9: 167537.3 | AE9: 185072.63 | AF9: 305819.18 | AG9: 389118.4 | AH9: 582103.13 | AI9: 825509.61 | AJ9: 809453.38 | AK9: 1155177.3 | AL9: 958007.22 | AM9: 732484.88 | AN9: 845758.73 | AO9: 783011.36 | AP9: 745172.55 | AQ9: 818509.67 | AR9: 811805.51 | AS9: 656686.38 | AT9: 706252.08 | AU9: 741737.6 | AV9: 812548.65 | AW9: 988127.24 | AX9: 1522745.1 | AY9: 1891853.3 | AZ9: 61.935 | BA9: 4755.912 | BB9: 7427.711 | BC9: 9512.198 | BD9: 13896.643 | BE9: 13309.929 | BF9: 12606.295 | BG9: 13579.645 | BH9: 18272.669 | BI9: 25600.57 | BJ9: 27034.954 | BK9: 35876.18 | BL9: 47390.903 | BM9: 50833.674 | BN9: 58062.701 | BO9: 56079.232 | BP9: 52710.185 | BQ9: 62089.45 | BR9: 73910.079 | BS9: 119326.21 | BT9: 127167.83 | BU9: 145753.24 | BV9: 177807.78 | BW9: 209775.34 | BX9: 213067.19 | BY9: 5926.569 | BZ9: 8309.577 | CA9: 7270.523 | CB9: 7345.238 | CC9: 9409.043 | CD9: 11747.171 | CE9: 13717.327 | CF9: 13096.157 | CG9: 17907.65 | CH9: 22452.292 | CI9: 23365.168 | CJ9: 27537.848 | CK9: 23369.534 | CL9: 19233.332 | CM9: 24616.755 | CN9: 25353.789 | CO9: 34388.81 | CP9: 23388.024 | CQ9: 30783.428 | CR9: 56736.56 | CS9: 38643.692 | CT9: 43242.994 | CU9: 47568.255 | CV9: 53320.422 | CW9: 55600.721 | CX9: 0.741 | CY9: -139.395 | CZ9: -139.21 | DA9: -2314.89 | DB9: -6879.036 | DC9: -2092.385 | DD9: -1130.483 | DE9: -889.905 | DF9: -4381.684 | DG9: -714.803 | DH9: -1652.404 | DI9: -8418.861 | DJ9: -3178.642 | DK9: -3063.487 | DL9: -3400.095 | DM9: -3896.786 | DN9: -27736.633 | DO9: -22909.274 | DP9: -9996.656 | DQ9: -65853.755 | DR9: -8874.132 | DS9: -12635.58 | DT9: -38517.128 | DU9: -18280.813 | DV9: -19995.883
A10: Year | B10: Revenue | C10: Revenue Growth | D10: % fro Bio | E10: EBIT | F10: R&D | G10: Net Margin | H10: Operating Margin | I10: R&D/Sales | J10: EBITR&D/Sales | K10: R&D/EBIT | L10: Mkt Cap | M10: EV | N10: Total Debt | O10: Net Income | P10: Acquisitions
A11: 1990 | B11: =G3 -> 32334.37 | D11: =G2/G4 -> 0.0016015445 | E11: =AK3 -> 8260.16 | F11: =BO3 -> 3453.886 | G11: =O11/B11 -> 0.18615671 | H11: =E11/B11 -> 0.25546068 | I11: =F11/B11 -> 0.10681779 | J11: =H11+I11 -> 0.36227847 | K11: =F11/(F11+E11) -> 0.29484996 | L11: =B8 -> 93686.198 | M11: =L11 -> 93686.198 | N11: =AZ8 -> 0 | O11: =BY8 -> 6019.26 | P11: =-CX8 -> -1
A12: 1991 | B12: =H3 -> 48276.775 | C12: =B12/B11-1 -> 0.49304826 | D12: =H2/H4 -> 0.016320212 | E12: =AL3 -> 11882.57 | F12: =BP3 -> 4910.496 | G12: =O12/B12 -> 0.172804 | H12: =E12/B12 -> 0.2461343 | I12: =F12/B12 -> 0.10171549 | J12: =H12+I12 -> 0.34784979 | K12: =F12/(F12+E12) -> 0.29241212 | L12: =C8 -> 153141.84 | M12: =L12+(L13-M13) -> 153340.33 | N12: =BA8 -> 4695.33 | O12: =BZ8 -> 8342.42 | P12: =-CY8 -> 139.5
A13: 1992 | B13: =I3 -> 51365.12 | C13: =B13/B12-1 -> 0.063971651 | D13: =I2/I4 -> 0.027730356 | E13: =AM3 -> 12682.016 | F13: =BQ3 -> 5464.45 | G13: =O13/B13 -> 0.14076587 | H13: =E13/B13 -> 0.24689937 | I13: =F13/B13 -> 0.10638445 | J13: =H13+I13 -> 0.35328382 | K13: =F13/(F13+E13) -> 0.30113026 | L13: =D8 -> 140045.89 | M13: =AC8 -> 139847.4 | N13: =BB8 -> 7268.01 | O13: =CA8 -> 7230.456 | P13: =-CZ8 -> 139.01
A14: 1993 | B14: =J3 -> 53202.735 | C14: =B14/B13-1 -> 0.035775542 | D14: =J2/J4 -> 0.039248527 | E14: =AN3 -> 13559.481 | F14: =BR3 -> 5833.728 | G14: =O14/B14 -> 0.1463243 | H14: =E14/B14 -> 0.25486436 | I14: =F14/B14 -> 0.1096509 | J14: =H14+I14 -> 0.36451526 | K14: =F14/(F14+E14) -> 0.30081293 | L14: =E8 -> 157147.61 | M14: =AD8 -> 157834.4 | N14: =BC8 -> 9161.288 | O14: =CB8 -> 7784.853 | P14: =-DA8 -> 2255.041
A15: =A14+1 -> 1994 | B15: =K3 -> 61637.227 | C15: =B15/B14-1 -> 0.15853493 | D15: =K2/K4 -> 0.043074529 | E15: =AO3 -> 15356.067 | F15: =BS3 -> 6351.078 | G15: =O15/B15 -> 0.16308668 | H15: =E15/B15 -> 0.24913624 | I15: =F15/B15 -> 0.10303965 | J15: =H15+I15 -> 0.35217589 | K15: =F15/(F15+E15) -> 0.29258007 | L15: =F8 -> 172275.11 | M15: =AE8 -> 174941.37 | N15: =BD8 -> 13494.023 | O15: =CC8 -> 10052.211 | P15: =-DB8 -> 6643.078
A16: =A15+1 -> 1995 | B16: =L3 -> 72311.276 | C16: =B16/B15-1 -> 0.17317536 | D16: =L2/L4 -> 0.052008783 | E16: =AP3 -> 17473.579 | F16: =BT3 -> 7499.097 | G16: =O16/B16 -> 0.16943627 | H16: =E16/B16 -> 0.2416439 | I16: =F16/B16 -> 0.10370578 | J16: =H16+I16 -> 0.34534968 | K16: =F16/(F16+E16) -> 0.30029209 | L16: =G8 -> 287811.65 | M16: =AF8 -> 280975.96 | N16: =BE8 -> 12875.631 | O16: =CD8 -> 12252.153 | P16: =-DC8 -> 2073.429
A17: =A16+1 -> 1996 | B17: =M3 -> 80542.982 | C17: =B17/B16-1 -> 0.1138371 | D17: =M2/M4 -> 0.055197575 | E17: =AQ3 -> 19635.362 | F17: =BU3 -> 8410.119 | G17: =O17/B17 -> 0.17673359 | H17: =E17/B17 -> 0.24378737 | I17: =F17/B17 -> 0.10441778 | J17: =H17+I17 -> 0.34820515 | K17: =F17/(F17+E17) -> 0.2998743 | L17: =H8 -> 348635.62 | M17: =AG8 -> 354969.16 | N17: =BF8 -> 12205.715 | O17: =CE8 -> 14234.65 | P17: =-DD8 -> 1059.97
A18: =A17+1 -> 1997 | B18: =N3 -> 91171.576 | C18: =B18/B17-1 -> 0.13196176 | D18: =N2/N4 -> 0.055674998 | E18: =AR3 -> 22209.12 | F18: =BV3 -> 9671.615 | G18: =O18/B18 -> 0.15743936 | H18: =E18/B18 -> 0.24359697 | I18: =F18/B18 -> 0.10608147 | J18: =H18+I18 -> 0.34967845 | K18: =F18/(F18+E18) -> 0.30336863 | L18: =I8 -> 545806.88 | M18: =AH8 -> 548763.27 | N18: =BG8 -> 12993.182 | O18: =CF8 -> 14353.995 | P18: =-DE8 -> 846.187
A19: =A18+1 -> 1998 | B19: =O3 -> 109332.61 | C19: =B19/B18-1 -> 0.19919621 | D19: =O2/O4 -> 0.056361877 | E19: =AS3 -> 26249.276 | F19: =BW3 -> 12188.01 | G19: =O19/B19 -> 0.17476041 | H19: =E19/B19 -> 0.24008643 | I19: =F19/B19 -> 0.11147644 | J19: =H19+I19 -> 0.35156288 | K19: =F19/(F19+E19) -> 0.3170882 | L19: =J8 -> 776322.53 | M19: =AI8 -> 776665.43 | N19: =BH8 -> 17547.463 | O19: =CG8 -> 19107.011 | P19: =-DF8 -> 4244.076
A20: =A19+1 -> 1999 | B20: =P3 -> 126452.9 | C20: =B20/B19-1 -> 0.15658908 | D20: =P2/P4 -> 0.049256439 | E20: =AT3 -> 32351.384 | F20: =BX3 -> 14013.725 | G20: =O20/B20 -> 0.18488556 | H20: =E20/B20 -> 0.25583742 | I20: =F20/B20 -> 0.1108217 | J20: =H20+I20 -> 0.36665912 | K20: =F20/(F20+E20) -> 0.30224721 | L20: =K8 -> 690791.41 | M20: =AJ8 -> 694092.07 | N20: =BI8 -> 24348.84 | O20: =CH8 -> 23379.315 | P20: =-DG8 -> 626.587
A21: =A20+1 -> 2000 | B21: =Q3 -> 136752.6 | C21: =B21/B20-1 -> 0.081450872 | D21: =Q2/Q4 -> 0.047801318 | E21: =AU3 -> 36385.466 | F21: =BY3 -> 15607.414 | G21: =O21/B21 -> 0.18061467 | H21: =E21/B21 -> 0.26606782 | I21: =F21/B21 -> 0.11412883 | J21: =H21+I21 -> 0.38019665 | K21: =F21/(F21+E21) -> 0.30018368 | L21: =L8 -> 1009240.7 | M21: =AK8 -> 1011361 | N21: =BJ8 -> 24413.263 | O21: =CI8 -> 24699.526 | P21: =-DH8 -> 1604.546
A22: =A21+1 -> 2001 | B22: =R3 -> 125573.17 | C22: =B22/B21-1 -> -0.081749306 | D22: =R2/R4 -> 0.057679048 | E22: =AV3 -> 39525.815 | F22: =BZ3 -> 17259.271 | G22: =O22/B22 -> 0.23123953 | H22: =E22/B22 -> 0.31476322 | I22: =F22/B22 -> 0.13744394 | J22: =H22+I22 -> 0.45220716 | K22: =F22/(F22+E22) -> 0.30394021 | L22: =M8 -> 824119.79 | M22: =AL8 -> 831207.48 | N22: =BK8 -> 32826.462 | O22: =CJ8 -> 29037.48 | P22: =-DI8 -> 8306.785
A23: =A22+1 -> 2002 | B23: =S3 -> 131605.12 | C23: =B23/B22-1 -> 0.048035309 | D23: =S2/S4 -> 0.061055048 | E23: =AW3 -> 40559.284 | F23: =CA3 -> 18356.468 | G23: =O23/B23 -> 0.21663858 | H23: =E23/B23 -> 0.30818927 | I23: =F23/B23 -> 0.13948142 | J23: =H23+I23 -> 0.44767069 | K23: =F23/(F23+E23) -> 0.31157148 | L23: =N8 -> 633090.11 | M23: =AM8 -> 643887.53 | N23: =BL8 -> 40238.087 | O23: =CK8 -> 28510.745 | P23: =-DJ8 -> 765.432
A24: =A23+1 -> 2003 | B24: =T3 -> 152999.6 | C24: =B24/B23-1 -> 0.16256577 | D24: =T2/T4 -> 0.074639757 | E24: =AX3 -> 40827.487 | F24: =CB3 -> 22525.823 | G24: =O24/B24 -> 0.14452826 | H24: =E24/B24 -> 0.26684701 | I24: =F24/B24 -> 0.14722798 | J24: =H24+I24 -> 0.414075 | K24: =F24/(F24+E24) -> 0.35555874 | L24: =O8 -> 703133.97 | M24: =AN8 -> 712195.66 | N24: =BM8 -> 42900.132 | O24: =CL8 -> 22112.766 | P24: =-DK8 -> 2818.708
A25: =A24+1 -> 2004 | B25: =U3 -> 165505.25 | C25: =B25/B24-1 -> 0.081736454 | D25: =U2/U4 -> 0.091756439 | E25: =AY3 -> 43963.966 | F25: =CC3 -> 24485.255 | G25: =O25/B25 -> 0.16489571 | H25: =E25/B25 -> 0.26563488 | I25: =F25/B25 -> 0.14794247 | J25: =H25+I25 -> 0.41357735 | K25: =F25/(F25+E25) -> 0.35771415 | L25: =P8 -> 624653.55 | M25: =AO8 -> 626079.87 | N25: =BN8 -> 48551.208 | O25: =CM8 -> 27291.106 | P25: =-DL8 -> 3155.365
A26: =A25+1 -> 2005 | B26: =V3 -> 167975.58 | C26: =B26/B25-1 -> 0.01492598 | D26: =V2/V4 -> 0.10611257 | E26: =AZ3 -> 40435.267 | F26: =CD3 -> 25868.974 | G26: =O26/B26 -> 0.15877746 | H26: =E26/B26 -> 0.24072111 | I26: =F26/B26 -> 0.15400438 | J26: =H26+I26 -> 0.39472549 | K26: =F26/(F26+E26) -> 0.39015565 | L26: =Q8 -> 578728.7 | M26: =AP8 -> 562886.36 | N26: =BO8 -> 47626.628 | O26: =CN8 -> 26670.735 | P26: =-DM8 -> 3461.574
A27: =A26+1 -> 2006 | B27: =W3 -> 172778.62 | C27: =B27/B26-1 -> 0.028593687 | D27: =W2/W4 -> 0.12113237 | E27: =BA3 -> 40554.558 | F27: =CE3 -> 27787.1 | G27: =O27/B27 -> 0.22208619 | H27: =E27/B27 -> 0.23471978 | I27: =F27/B27 -> 0.16082488 | J27: =H27+I27 -> 0.39554465 | K27: =F27/(F27+E27) -> 0.40659096 | L27: =R8 -> 640883.1 | M27: =AQ8 -> 625166.19 | N27: =BP8 -> 37523.436 | O27: =CO8 -> 38371.744 | P27: =-DN8 -> 22342.613
A28: =A27+1 -> 2007 | B28: =X3 -> 187586.77 | C28: =B28/B27-1 -> 0.085705948 | D28: =X2/X4 -> 0.1267015 | E28: =BB3 -> 43289.824 | F28: =CF3 -> 30412.779 | G28: =O28/B28 -> 0.13194317 | H28: =E28/B28 -> 0.23077226 | I28: =F28/B28 -> 0.16212646 | J28: =H28+I28 -> 0.39289872 | K28: =F28/(F28+E28) -> 0.41264186 | L28: =S8 -> 646977.15 | M28: =AR8 -> 632167.26 | N28: =BQ8 -> 43234.427 | O28: =CP8 -> 24750.794 | P28: =-DO8 -> 21922.858
A29: =A28+1 -> 2008 | B29: =Y3 -> 199230.02 | C29: =B29/B28-1 -> 0.062068599 | D29: =Y2/Y4 -> 0.13597427 | E29: =BC3 -> 50070.598 | F29: =CG3 -> 31749.393 | G29: =O29/B29 -> 0.16449646 | H29: =E29/B29 -> 0.25132055 | I29: =F29/B29 -> 0.15936049 | J29: =H29+I29 -> 0.41068104 | K29: =F29/(F29+E29) -> 0.38803956 | L29: =T8 -> 482313.92 | M29: =AS8 -> 479567.14 | N29: =BR8 -> 57645.125 | O29: =CQ8 -> 32772.633 | P29: =-DP8 -> 9161.549
A30: =A29+1 -> 2009 | B30: =Z3 -> 189531.68 | C30: =B30/B29-1 -> -0.048679095 | D30: =Z2/Z4 -> 0.20386093 | E30: =BC3 -> 50070.598 | F30: =CH3 -> 29521.834 | G30: =O30/B30 -> 0.25202548 | H30: =E30/B30 -> 0.26418062 | I30: =F30/B30 -> 0.155762 | J30: =H30+I30 -> 0.41994262 | K30: =F30/(F30+E30) -> 0.37091258 | L30: =U8 -> 544832.18 | M30: =AT8 -> 521047.83 | N30: =BS8 -> 101545.06 | O30: =CR8 -> 47766.814 | P30: =-DQ8 -> 64370.412
A31: =A30+1 -> 2010 | B31: =AA3 -> 227091.77 | C31: =B31/B30-1 -> 0.19817313 | D31: =AA2/AA4 -> 0.19231693 | E31: =BE3 -> 56993.848 | F31: =CI3 -> 34445.509 | G31: =O31/B31 -> 0.13199101 | H31: =E31/B31 -> 0.25097276 | I31: =F31/B31 -> 0.15168101 | J31: =H31+I31 -> 0.40265377 | K31: =F31/(F31+E31) -> 0.37670332 | L31: =V8 -> 535682.52 | M31: =AU8 -> 558283.86 | N31: =BT8 -> 102741.64 | O31: =CS8 -> 29974.071 | P31: =-DR8 -> 3310.007
A32: =A31+1 -> 2011 | B32: =AB3 -> 235662.88 | C32: =B32/B31-1 -> 0.037742922 | D32: =AB2/AB4 -> 0.21976543 | E32: =BF3 -> 60388.131 | F32: =CJ3 -> 33710.933 | G32: =O32/B32 -> 0.14584334 | H32: =E32/B32 -> 0.25624796 | I32: =F32/B32 -> 0.14304728 | J32: =H32+I32 -> 0.39929524 | K32: =F32/(F32+E32) -> 0.3582494 | L32: =W8 -> 602430.89 | M32: =AV8 -> 609101.27 | N32: =BU8 -> 107781.59 | O32: =CT8 -> 34369.862 | P32: =-DS8 -> 10687.817
A33: =A32+1 -> 2012 | B33: =AC3 -> 228617.37 | C33: =B33/B32-1 -> -0.029896529 | D33: =AC2/AC4 -> 0.2429356 | E33: =BG3 -> 57409.003 | F33: =CK3 -> 33097.172 | G33: =O33/B33 -> 0.16345917 | H33: =E33/B33 -> 0.25111391 | I33: =F33/B33 -> 0.14477103 | J33: =H33+I33 -> 0.39588494 | K33: =F33/(F33+E33) -> 0.36568966 | L33: =X8 -> 658832.45 | M33: =AW8 -> 686573.09 | N33: =BV8 -> 114889.35 | O33: =CU8 -> 37369.607 | P33: =-DT8 -> 23314.716
A34: =A33+1 -> 2013 | B34: =AD3 -> 233973.23 | C34: =B34/B33-1 -> 0.02342717 | D34: =AD2/AD4 -> 0.2573212 | E34: =BH3 -> 56997.649 | F34: =CL3 -> 33413.164 | G34: =O34/B34 -> 0.19218962 | H34: =E34/B34 -> 0.24360756 | I34: =F34/B34 -> 0.14280764 | J34: =H34+I34 -> 0.3864152 | K34: =F34/(F34+E34) -> 0.36957044 | L34: =Y8 -> 866017.55 | M34: =AX8 -> 897476.97 | N34: =BW8 -> 140904.49 | O34: =CV8 -> 44967.227 | P34: =-DU8 -> 7834.593
A35: =A34+1 -> 2014 | B35: =AE3 -> 237890.1 | C35: =B35/B34-1 -> 0.016740654 | D35: =AE2/AE4 -> 0.30633004 | E35: =BI3 -> 56697.832 | F35: =CM3 -> 34158.621 | G35: =O35/B35 -> 0.16868245 | H35: =E35/B35 -> 0.23833624 | I35: =F35/B35 -> 0.14358992 | J35: =H35+I35 -> 0.38192617 | K35: =F35/(F35+E35) -> 0.37596252 | L35: =Z8 -> 1011765.3 | M35: =AY8 -> 1049179.1 | N35: =BX8 -> 137104.11 | O35: =CW8 -> 40127.885 | P35: =-DV8 -> 16278.87

Sheet BiotectSales&R&D
A1: Row Labels | B1: Sum of Total Revenue [CY 1985] ($USDmm, Historical rate) | C1: Sum of Total Revenue [CY 1986] ($USDmm, Historical rate) | D1: Sum of Total Revenue [CY 1987] ($USDmm, Historical rate) | E1: Sum of Total Revenue [CY 1988] ($USDmm, Historical rate) | F1: Sum of Total Revenue [CY 1989] ($USDmm, Historical rate) | G1: Sum of Total Revenue [CY 1990] ($USDmm, Historical rate) | H1: Sum of Total Revenue [CY 1991] ($USDmm, Historical rate) | I1: Sum of Total Revenue [CY 1992] ($USDmm, Historical rate) | J1: Sum of Total Revenue [CY 1993] ($USDmm, Historical rate) | K1: Sum of Total Revenue [CY 1994] ($USDmm, Historical rate) | L1: Sum of Total Revenue [CY 1995] ($USDmm, Historical rate) | M1: Sum of Total Revenue [CY 1996] ($USDmm, Historical rate) | N1: Sum of Total Revenue [CY 1997] ($USDmm, Historical rate) | O1: Sum of Total Revenue [CY 1998] ($USDmm, Historical rate) | P1: Sum of Total Revenue [CY 1999] ($USDmm, Historical rate) | Q1: Sum of Total Revenue [CY 2000] ($USDmm, Historical rate) | R1: Sum of Total Revenue [CY 2001] ($USDmm, Historical rate) | S1: Sum of Total Revenue [CY 2002] ($USDmm, Historical rate) | T1: Sum of Total Revenue [CY 2003] ($USDmm, Historical rate) | U1: Sum of Total Revenue [CY 2004] ($USDmm, Historical rate) | V1: Sum of Total Revenue [CY 2005] ($USDmm, Historical rate) | W1: Sum of Total Revenue [CY 2006] ($USDmm, Historical rate) | X1: Sum of Total Revenue [CY 2007] ($USDmm, Historical rate) | Y1: Sum of Total Revenue [CY 2008] ($USDmm, Historical rate) | Z1: Sum of Total Revenue [CY 2009] ($USDmm, Historical rate) | AA1: Sum of Total Revenue [CY 2010] ($USDmm, Historical rate) | AB1: Sum of Total Revenue [CY 2011] ($USDmm, Historical rate) | AC1: Sum of Total Revenue [CY 2012] ($USDmm, Historical rate) | AD1: Sum of Total Revenue [CY 2013] ($USDmm, Historical rate) | AE1: Sum of Total Revenue [CY 2014] ($USDmm, Historical rate) | AF1: Sum of EBIT [CY 1985] ($USDmm, Historical rate) | AG1: Sum of EBIT [CY 1986] ($USDmm, Historical rate) | AH1: Sum of EBIT [CY 1987] ($USDmm, Historical rate) | AI1: Sum of EBIT [CY 1988] ($USDmm, Historical rate) | AJ1: Sum of EBIT [CY 1989] ($USDmm, Historical rate) | AK1: Sum of EBIT [CY 1990] ($USDmm, Historical rate) | AL1: Sum of EBIT [CY 1991] ($USDmm, Historical rate) | AM1: Sum of EBIT [CY 1992] ($USDmm, Historical rate) | AN1: Sum of EBIT [CY 1993] ($USDmm, Historical rate) | AO1: Sum of EBIT [CY 1994] ($USDmm, Historical rate) | AP1: Sum of EBIT [CY 1995] ($USDmm, Historical rate) | AQ1: Sum of EBIT [CY 1996] ($USDmm, Historical rate) | AR1: Sum of EBIT [CY 1997] ($USDmm, Historical rate) | AS1: Sum of EBIT [CY 1998] ($USDmm, Historical rate) | AT1: Sum of EBIT [CY 1999] ($USDmm, Historical rate) | AU1: Sum of EBIT [CY 2000] ($USDmm, Historical rate) | AV1: Sum of EBIT [CY 2001] ($USDmm, Historical rate) | AW1: Sum of EBIT [CY 2002] ($USDmm, Historical rate) | AX1: Sum of EBIT [CY 2003] ($USDmm, Historical rate) | AY1: Sum of EBIT [CY 2004] ($USDmm, Historical rate) | AZ1: Sum of EBIT [CY 2005] ($USDmm, Historical rate) | BA1: Sum of EBIT [CY 2006] ($USDmm, Historical rate) | BB1: Sum of EBIT [CY 2007] ($USDmm, Historical rate) | BC1: Sum of EBIT [CY 2008] ($USDmm, Historical rate) | BD1: Sum of EBIT [CY 2009] ($USDmm, Historical rate) | BE1: Sum of EBIT [CY 2010] ($USDmm, Historical rate) | BF1: Sum of EBIT [CY 2011] ($USDmm, Historical rate) | BG1: Sum of EBIT [CY 2012] ($USDmm, Historical rate) | BH1: Sum of EBIT [CY 2013] ($USDmm, Historical rate) | BI1: Sum of EBIT [CY 2014] ($USDmm, Historical rate) | BJ1: Sum of R&D Exp. [CY 1985] ($USDmm, Historical rate) | BK1: Sum of R&D Exp. [CY 1986] ($USDmm, Historical rate) | BL1: Sum of R&D Exp. [CY 1987] ($USDmm, Historical rate) | BM1: Sum of R&D Exp. [CY 1988] ($USDmm, Historical rate) | BN1: Sum of R&D Exp. [CY 1989] ($USDmm, Historical rate) | BO1: Sum of R&D Exp. [CY 1990] ($USDmm, Historical rate) | BP1: Sum of R&D Exp. [CY 1991] ($USDmm, Historical rate) | BQ1: Sum of R&D Exp. [CY 1992] ($USDmm, Historical rate) | BR1: Sum of R&D Exp. [CY 1993] ($USDmm, Historical rate) | BS1: Sum of R&D Exp. [CY 1994] ($USDmm, Historical rate) | BT1: Sum of R&D Exp. [CY 1995] ($USDmm, Historical rate) | BU1: Sum of R&D Exp. [CY 1996] ($USDmm, Historical rate) | BV1: Sum of R&D Exp. [CY 1997] ($USDmm, Historical rate) | BW1: Sum of R&D Exp. [CY 1998] ($USDmm, Historical rate) | BX1: Sum of R&D Exp. [CY 1999] ($USDmm, Historical rate) | BY1: Sum of R&D Exp. [CY 2000] ($USDmm, Historical rate) | BZ1: Sum of R&D Exp. [CY 2001] ($USDmm, Historical rate) | CA1: Sum of R&D Exp. [CY 2002] ($USDmm, Historical rate) | CB1: Sum of R&D Exp. [CY 2003] ($USDmm, Historical rate) | CC1: Sum of R&D Exp. [CY 2004] ($USDmm, Historical rate) | CD1: Sum of R&D Exp. [CY 2005] ($USDmm, Historical rate) | CE1: Sum of R&D Exp. [CY 2006] ($USDmm, Historical rate) | CF1: Sum of R&D Exp. [CY 2007] ($USDmm, Historical rate) | CG1: Sum of R&D Exp. [CY 2008] ($USDmm, Historical rate) | CH1: Sum of R&D Exp. [CY 2009] ($USDmm, Historical rate) | CI1: Sum of R&D Exp. [CY 2010] ($USDmm, Historical rate) | CJ1: Sum of R&D Exp. [CY 2011] ($USDmm, Historical rate) | CK1: Sum of R&D Exp. [CY 2012] ($USDmm, Historical rate) | CL1: Sum of R&D Exp. [CY 2013] ($USDmm, Historical rate) | CM1: Sum of R&D Exp. [CY 2014] ($USDmm, Historical rate)
A2: Biotechnology | E2: 9.843 | F2: 18.626 | G2: 51.868 | H2: 800.959 | I2: 1464.998 | J2: 2173.433 | K2: 2774.505 | L2: 3967.148 | M2: 4705.51 | N2: 5375.244 | O2: 6530.248 | P2: 6551.314 | Q2: 6865.116 | R2: 7686.278 | S2: 8557.644 | T2: 12340.981 | U2: 16720.374 | V2: 19940.228 | W2: 23813.692 | X2: 27215.808 | Y2: 31353.414 | Z2: 48531.853 | AA2: 54072.684 | AB2: 66378.184 | AC2: 73361.394 | AD2: 81066.368 | AE2: 105054.11 | AI2: -23.72 | AJ2: -49.92 | AK2: -99.564 | AL2: 93.464 | AM2: 181.19 | AN2: 139.301 | AO2: -178.665 | AP2: -193.251 | AQ2: -241.239 | AR2: -640.556 | AS2: -594.978 | AT2: -324.903 | AU2: -774.76 | AV2: -1138.124 | AW2: -1080.102 | AX2: -451.995 | AY2: -124.674 | AZ2: 1414.306 | BA2: 1480.542 | BB2: 1733.829 | BC2: 3687.768 | BD2: 11602.109 | BE2: 13394.647 | BF2: 16057.175 | BG2: 17560.01 | BH2: 17170.556 | BI2: 29118.979 | BM2: 0 | BN2: 18.6 | BO2: 40.31 | BP2: 210.03 | BQ2: 348.62 | BR2: 584.069 | BS2: 929.422 | BT2: 1258.193 | BU2: 1608.337 | BV2: 2032.09 | BW2: 2183.677 | BX2: 2449.818 | BY2: 2640.415 | BZ2: 3091.945 | CA2: 3353.804 | CB2: 4179.226 | CC2: 5589.276 | CD2: 6267.059 | CE2: 7974.535 | CF2: 9186.891 | CG2: 9515.249 | CH2: 10765.269 | CI2: 11492.839 | CJ2: 12736.861 | CK2: 14324.277 | CL2: 16859.046 | CM2: 20001.761
A3: Pharmaceuticals | F3: 1.76 | G3: 32334.37 | H3: 48276.775 | I3: 51365.12 | J3: 53202.735 | K3: 61637.227 | L3: 72311.276 | M3: 80542.982 | N3: 91171.576 | O3: 109332.61 | P3: 126452.9 | Q3: 136752.6 | R3: 125573.17 | S3: 131605.12 | T3: 152999.6 | U3: 165505.25 | V3: 167975.58 | W3: 172778.62 | X3: 187586.77 | Y3: 199230.02 | Z3: 189531.68 | AA3: 227091.77 | AB3: 235662.88 | AC3: 228617.37 | AD3: 233973.23 | AE3: 237890.1 | AJ3: -0.922 | AK3: 8260.16 | AL3: 11882.57 | AM3: 12682.016 | AN3: 13559.481 | AO3: 15356.067 | AP3: 17473.579 | AQ3: 19635.362 | AR3: 22209.12 | AS3: 26249.276 | AT3: 32351.384 | AU3: 36385.466 | AV3: 39525.815 | AW3: 40559.284 | AX3: 40827.487 | AY3: 43963.966 | AZ3: 40435.267 | BA3: 40554.558 | BB3: 43289.824 | BC3: 50070.598 | BD3: 51240.7 | BE3: 56993.848 | BF3: 60388.131 | BG3: 57409.003 | BH3: 56997.649 | BI3: 56697.832 | BN3: 2.07 | BO3: 3453.886 | BP3: 4910.496 | BQ3: 5464.45 | BR3: 5833.728 | BS3: 6351.078 | BT3: 7499.097 | BU3: 8410.119 | BV3: 9671.615 | BW3: 12188.01 | BX3: 14013.725 | BY3: 15607.414 | BZ3: 17259.271 | CA3: 18356.468 | CB3: 22525.823 | CC3: 24485.255 | CD3: 25868.974 | CE3: 27787.1 | CF3: 30412.779 | CG3: 31749.393 | CH3: 29521.834 | CI3: 34445.509 | CJ3: 33710.933 | CK3: 33097.172 | CL3: 33413.164 | CM3: 34158.621
A4: Grand Total | E4: 9.843 | F4: 20.386 | G4: 32386.238 | H4: 49077.734 | I4: 52830.118 | J4: 55376.168 | K4: 64411.732 | L4: 76278.424 | M4: 85248.492 | N4: 96546.82 | O4: 115862.86 | P4: 133004.21 | Q4: 143617.72 | R4: 133259.45 | S4: 140162.76 | T4: 165340.58 | U4: 182225.62 | V4: 187915.8 | W4: 196592.31 | X4: 214802.58 | Y4: 230583.43 | Z4: 238063.54 | AA4: 281164.45 | AB4: 302041.06 | AC4: 301978.77 | AD4: 315039.6 | AE4: 342944.21 | AI4: -23.72 | AJ4: -50.842 | AK4: 8160.596 | AL4: 11976.034 | AM4: 12863.206 | AN4: 13698.782 | AO4: 15177.402 | AP4: 17280.328 | AQ4: 19394.123 | AR4: 21568.564 | AS4: 25654.298 | AT4: 32026.481 | AU4: 35610.706 | AV4: 38387.691 | AW4: 39479.182 | AX4: 40375.492 | AY4: 43839.292 | AZ4: 41849.573 | BA4: 42035.1 | BB4: 45023.653 | BC4: 53758.366 | BD4: 62842.809 | BE4: 70388.495 | BF4: 76445.306 | BG4: 74969.013 | BH4: 74168.205 | BI4: 85816.811 | BM4: 0 | BN4: 20.67 | BO4: 3494.196 | BP4: 5120.526 | BQ4: 5813.07 | BR4: 6417.797 | BS4: 7280.5 | BT4: 8757.29 | BU4: 10018.456 | BV4: 11703.705 | BW4: 14371.687 | BX4: 16463.543 | BY4: 18247.829 | BZ4: 20351.216 | CA4: 21710.272 | CB4: 26705.049 | CC4: 30074.531 | CD4: 32136.033 | CE4: 35761.635 | CF4: 39599.67 | CG4: 41264.642 | CH4: 40287.103 | CI4: 45938.348 | CJ4: 46447.794 | CK4: 47421.449 | CL4: 50272.21 | CM4: 54160.382
A5: Row Labels | B5: Sum of Market Capitalization [My Setting] [12/31/1990] ($USDmm, Historical rate) | C5: Sum of Market Capitalization [My Setting] [12/31/1991] ($USDmm, Historical rate) | D5: Sum of Market Capitalization [My Setting] [12/31/1992] ($USDmm, Historical rate) | E5: Sum of Market Capitalization [My Setting] [12/31/1993] ($USDmm, Historical rate) | F5: Sum of Market Capitalization [My Setting] [12/31/1994] ($USDmm, Historical rate) | G5: Sum of Market Capitalization [My Setting] [12/31/1995] ($USDmm, Historical rate) | H5: Sum of Market Capitalization [My Setting] [12/31/1996] ($USDmm, Historical rate) | I5: Sum of Market Capitalization [My Setting] [12/31/1997] ($USDmm, Historical rate) | J5: Sum of Market Capitalization [My Setting] [12/31/1998] ($USDmm, Historical rate) | K5: Sum of Market Capitalization [My Setting] [12/31/1999] ($USDmm, Historical rate) | L5: Sum of Market Capitalization [My Setting] [12/31/2000] ($USDmm, Historical rate) | M5: Sum of Market Capitalization [My Setting] [12/31/2001] ($USDmm, Historical rate) | N5: Sum of Market Capitalization [My Setting] [12/31/2002] ($USDmm, Historical rate) | O5: Sum of Market Capitalization [My Setting] [12/31/2003] ($USDmm, Historical rate) | P5: Sum of Market Capitalization [My Setting] [12/31/2004] ($USDmm, Historical rate) | Q5: Sum of Market Capitalization [My Setting] [12/31/2005] ($USDmm, Historical rate) | R5: Sum of Market Capitalization [My Setting] [12/31/2006] ($USDmm, Historical rate) | S5: Sum of Market Capitalization [My Setting] [12/31/2007] ($USDmm, Historical rate) | T5: Sum of Market Capitalization [My Setting] [12/31/2008] ($USDmm, Historical rate) | U5: Sum of Market Capitalization [My Setting] [12/31/2009] ($USDmm, Historical rate) | V5: Sum of Market Capitalization [My Setting] [12/31/2010] ($USDmm, Historical rate) | W5: Sum of Market Capitalization [My Setting] [12/31/2011] ($USDmm, Historical rate) | X5: Sum of Market Capitalization [My Setting] [12/31/2012] ($USDmm, Historical rate) | Y5: Sum of Market Capitalization [My Setting] [12/31/2013] ($USDmm, Historical rate) | Z5: Sum of Market Capitalization [My Setting] [12/31/2014] ($USDmm, Historical rate) | AA5: Sum of Total Enterprise Value [My Setting] [12/31/1990] ($USDmm, Historical rate) | AB5: Sum of Total Enterprise Value [My Setting] [12/31/1991] ($USDmm, Historical rate) | AC5: Sum of Total Enterprise Value [My Setting] [12/31/1992] ($USDmm, Historical rate) | AD5: Sum of Total Enterprise Value [My Setting] [12/31/1993] ($USDmm, Historical rate) | AE5: Sum of Total Enterprise Value [My Setting] [12/31/1994] ($USDmm, Historical rate) | AF5: Sum of Total Enterprise Value [My Setting] [12/31/1995] ($USDmm, Historical rate) | AG5: Sum of Total Enterprise Value [My Setting] [12/31/1996] ($USDmm, Historical rate) | AH5: Sum of Total Enterprise Value [My Setting] [12/31/1997] ($USDmm, Historical rate) | AI5: Sum of Total Enterprise Value [My Setting] [12/31/1998] ($USDmm, Historical rate) | AJ5: Sum of Total Enterprise Value [My Setting] [12/31/1999] ($USDmm, Historical rate) | AK5: Sum of Total Enterprise Value [My Setting] [12/31/2000] ($USDmm, Historical rate) | AL5: Sum of Total Enterprise Value [My Setting] [12/31/2001] ($USDmm, Historical rate) | AM5: Sum of Total Enterprise Value [My Setting] [12/31/2002] ($USDmm, Historical rate) | AN5: Sum of Total Enterprise Value [My Setting] [12/31/2003] ($USDmm, Historical rate) | AO5: Sum of Total Enterprise Value [My Setting] [12/31/2004] ($USDmm, Historical rate) | AP5: Sum of Total Enterprise Value [My Setting] [12/31/2005] ($USDmm, Historical rate) | AQ5: Sum of Total Enterprise Value [My Setting] [12/31/2006] ($USDmm, Historical rate) | AR5: Sum of Total Enterprise Value [My Setting] [12/31/2007] ($USDmm, Historical rate) | AS5: Sum of Total Enterprise Value [My Setting] [12/31/2008] ($USDmm, Historical rate) | AT5: Sum of Total Enterprise Value [My Setting] [12/31/2009] ($USDmm, Historical rate) | AU5: Sum of Total Enterprise Value [My Setting] [12/31/2010] ($USDmm, Historical rate) | AV5: Sum of Total Enterprise Value [My Setting] [12/31/2011] ($USDmm, Historical rate) | AW5: Sum of Total Enterprise Value [My Setting] [12/31/2012] ($USDmm, Historical rate) | AX5: Sum of Total Enterprise Value [My Setting] [12/31/2013] ($USDmm, Historical rate) | AY5: Sum of Total Enterprise Value [My Setting] [12/31/2014] ($USDmm, Historical rate) | AZ5: Sum of Total Debt [Latest Annual - 24] ($USDmm, Historical rate) | BA5: Sum of Total Debt [Latest Annual - 23] ($USDmm, Historical rate) | BB5: Sum of Total Debt [Latest Annual - 22] ($USDmm, Historical rate) | BC5: Sum of Total Debt [Latest Annual - 21] ($USDmm, Historical rate) | BD5: Sum of Total Debt [Latest Annual - 20] ($USDmm, Historical rate) | BE5: Sum of Total Debt [Latest Annual - 19] ($USDmm, Historical rate) | BF5: Sum of Total Debt [Latest Annual - 18] ($USDmm, Historical rate) | BG5: Sum of Total Debt [Latest Annual - 17] ($USDmm, Historical rate) | BH5: Sum of Total Debt [Latest Annual - 16] ($USDmm, Historical rate) | BI5: Sum of Total Debt [Latest Annual - 15] ($USDmm, Historical rate) | BJ5: Sum of Total Debt [Latest Annual - 14] ($USDmm, Historical rate) | BK5: Sum of Total Debt [Latest Annual - 13] ($USDmm, Historical rate) | BL5: Sum of Total Debt [Latest Annual - 12] ($USDmm, Historical rate) | BM5: Sum of Total Debt [Latest Annual - 11] ($USDmm, Historical rate) | BN5: Sum of Total Debt [Latest Annual - 10] ($USDmm, Historical rate) | BO5: Sum of Total Debt [Latest Annual - 9] ($USDmm, Historical rate) | BP5: Sum of Total Debt [Latest Annual - 8] ($USDmm, Historical rate) | BQ5: Sum of Total Debt [Latest Annual - 7] ($USDmm, Historical rate) | BR5: Sum of Total Debt [Latest Annual - 6] ($USDmm, Historical rate) | BS5: Sum of Total Debt [Latest Annual - 5] ($USDmm, Historical rate) | BT5: Sum of Total Debt [Latest Annual - 4] ($USDmm, Historical rate) | BU5: Sum of Total Debt [Latest Annual - 3] ($USDmm, Historical rate) | BV5: Sum of Total Debt [Latest Annual - 2] ($USDmm, Historical rate) | BW5: Sum of Total Debt [Latest Annual - 1] ($USDmm, Historical rate) | BX5: Sum of Total Debt [Latest Annual] ($USDmm, Historical rate) | BY5: Sum of Net Income [CY 1990] ($USDmm, Historical rate) | BZ5: Sum of Net Income [CY 1991] ($USDmm, Historical rate) | CA5: Sum of Net Income [CY 1992] ($USDmm, Historical rate) | CB5: Sum of Net Income [CY 1993] ($USDmm, Historical rate) | CC5: Sum of Net Income [CY 1994] ($USDmm, Historical rate) | CD5: Sum of Net Income [CY 1995] ($USDmm, Historical rate) | CE5: Sum of Net Income [CY 1996] ($USDmm, Historical rate) | CF5: Sum of Net Income [CY 1997] ($USDmm, Historical rate) | CG5: Sum of Net Income [CY 1998] ($USDmm, Historical rate) | CH5: Sum of Net Income [CY 1999] ($USDmm, Historical rate) | CI5: Sum of Net Income [CY 2000] ($USDmm, Historical rate) | CJ5: Sum of Net Income [CY 2001] ($USDmm, Historical rate) | CK5: Sum of Net Income [CY 2002] ($USDmm, Historical rate) | CL5: Sum of Net Income [CY 2003] ($USDmm, Historical rate) | CM5: Sum of Net Income [CY 2004] ($USDmm, Historical rate) | CN5: Sum of Net Income [CY 2005] ($USDmm, Historical rate) | CO5: Sum of Net Income [CY 2006] ($USDmm, Historical rate) | CP5: Sum of Net Income [CY 2007] ($USDmm, Historical rate) | CQ5: Sum of Net Income [CY 2008] ($USDmm, Historical rate) | CR5: Sum of Net Income [CY 2009] ($USDmm, Historical rate) | CS5: Sum of Net Income [CY 2010] ($USDmm, Historical rate) | CT5: Sum of Net Income [CY 2011] ($USDmm, Historical rate) | CU5: Sum of Net Income [CY 2012] ($USDmm, Historical rate) | CV5: Sum of Net Income [CY 2013] ($USDmm, Historical rate) | CW5: Sum of Net Income [CY 2014] ($USDmm, Historical rate) | CX5: Sum of Cash Acquisitions [CY 1990] ($USDmm, Historical rate) | CY5: Sum of Cash Acquisitions [CY 1991] ($USDmm, Historical rate) | CZ5: Sum of Cash Acquisitions [CY 1992] ($USDmm, Historical rate) | DA5: Sum of Cash Acquisitions [CY 1993] ($USDmm, Historical rate) | DB5: Sum of Cash Acquisitions [CY 1994] ($USDmm, Historical rate) | DC5: Sum of Cash Acquisitions [CY 1995] ($USDmm, Historical rate) | DD5: Sum of Cash Acquisitions [CY 1996] ($USDmm, Historical rate) | DE5: Sum of Cash Acquisitions [CY 1997] ($USDmm, Historical rate) | DF5: Sum of Cash Acquisitions [CY 1998] ($USDmm, Historical rate) | DG5: Sum of Cash Acquisitions [CY 1999] ($USDmm, Historical rate) | DH5: Sum of Cash Acquisitions [CY 2000] ($USDmm, Historical rate) | DI5: Sum of Cash Acquisitions [CY 2001] ($USDmm, Historical rate) | DJ5: Sum of Cash Acquisitions [CY 2002] ($USDmm, Historical rate) | DK5: Sum of Cash Acquisitions [CY 2003] ($USDmm, Historical rate) | DL5: Sum of Cash Acquisitions [CY 2004] ($USDmm, Historical rate) | DM5: Sum of Cash Acquisitions [CY 2005] ($USDmm, Historical rate) | DN5: Sum of Cash Acquisitions [CY 2006] ($USDmm, Historical rate) | DO5: Sum of Cash Acquisitions [CY 2007] ($USDmm, Historical rate) | DP5: Sum of Cash Acquisitions [CY 2008] ($USDmm, Historical rate) | DQ5: Sum of Cash Acquisitions [CY 2009] ($USDmm, Historical rate) | DR5: Sum of Cash Acquisitions [CY 2010] ($USDmm, Historical rate) | DS5: Sum of Cash Acquisitions [CY 2011] ($USDmm, Historical rate) | DT5: Sum of Cash Acquisitions [CY 2012] ($USDmm, Historical rate) | DU5: Sum of Cash Acquisitions [CY 2013] ($USDmm, Historical rate) | DV5: Sum of Cash Acquisitions [CY 2014] ($USDmm, Historical rate)
A6: Pharmaceuticals (Primary) | B6: 93686.198 | C6: 153141.84 | D6: 140045.89 | E6: 157147.61 | F6: 172275.11 | G6: 287811.65 | H6: 348635.62 | I6: 545806.88 | J6: 776322.53 | K6: 690791.41 | L6: 1009240.7 | M6: 824119.79 | N6: 633090.11 | O6: 703133.97 | P6: 624653.55 | Q6: 578728.7 | R6: 640883.1 | S6: 646977.15 | T6: 482313.92 | U6: 544832.18 | V6: 535682.52 | W6: 602430.89 | X6: 658832.45 | Y6: 866017.55 | Z6: 1011765.3 | AA6: 0 | AB6: 0 | AC6: 139847.4 | AD6: 157834.4 | AE6: 174941.37 | AF6: 280975.96 | AG6: 354969.16 | AH6: 548763.27 | AI6: 776665.43 | AJ6: 694092.07 | AK6: 1011361 | AL6: 831207.48 | AM6: 643887.53 | AN6: 712195.66 | AO6: 626079.87 | AP6: 562886.36 | AQ6: 625166.19 | AR6: 632167.26 | AS6: 479567.14 | AT6: 521047.83 | AU6: 558283.86 | AV6: 609101.27 | AW6: 686573.09 | AX6: 897476.97 | AY6: 1049179.1 | AZ6: 0 | BA6: 4695.33 | BB6: 7268.01 | BC6: 9161.288 | BD6: 13494.023 | BE6: 12875.631 | BF6: 12205.715 | BG6: 12993.182 | BH6: 17547.463 | BI6: 24348.84 | BJ6: 24413.263 | BK6: 32826.462 | BL6: 40238.087 | BM6: 42900.132 | BN6: 48551.208 | BO6: 47626.628 | BP6: 37523.436 | BQ6: 43234.427 | BR6: 57645.125 | BS6: 101545.06 | BT6: 102741.64 | BU6: 107781.59 | BV6: 114889.35 | BW6: 140904.49 | BX6: 137104.11 | BY6: 6019.26 | BZ6: 8342.42 | CA6: 7230.456 | CB6: 7784.853 | CC6: 10052.211 | CD6: 12252.153 | CE6: 14234.65 | CF6: 14353.995 | CG6: 19107.011 | CH6: 23379.315 | CI6: 24699.526 | CJ6: 29037.48 | CK6: 28510.745 | CL6: 22112.766 | CM6: 27291.106 | CN6: 26670.735 | CO6: 38371.744 | CP6: 24750.794 | CQ6: 32772.633 | CR6: 47766.814 | CS6: 29974.071 | CT6: 34369.862 | CU6: 37369.607 | CV6: 44967.227 | CW6: 40127.885 | CX6: 1 | CY6: -139.5 | CZ6: -139.01 | DA6: -2255.041 | DB6: -6643.078 | DC6: -2073.429 | DD6: -1059.97 | DE6: -846.187 | DF6: -4244.076 | DG6: -626.587 | DH6: -1604.546 | DI6: -8306.785 | DJ6: -765.432 | DK6: -2818.708 | DL6: -3155.365 | DM6: -3461.574 | DN6: -22342.613 | DO6: -21922.858 | DP6: -9161.549 | DQ6: -64370.412 | DR6: -3310.007 | DS6: -10687.817 | DT6: -23314.716 | DU6: -7834.593 | DV6: -16278.87
A7: Biotechnology (Primary) | B7: 4131.401 | C7: 16576.594 | D7: 16726.935 | E7: 15170.145 | F7: 13990.537 | G7: 31706.383 | H7: 39250.621 | I7: 39319.955 | J7: 53254.98 | K7: 121309.2 | L7: 155612.31 | M7: 138567.51 | N7: 95291.968 | O7: 140394.47 | P7: 164445.42 | Q7: 191645 | R7: 198482.23 | S7: 182469.74 | T7: 184776.29 | U7: 196806.4 | V7: 197278.16 | W7: 213819.11 | X7: 303414.22 | Y7: 624461.97 | Z7: 848993.92 | AA7: 434.4 | AB7: 1388.2 | AC7: 10920.45 | AD7: 9702.9 | AE7: 10131.261 | AF7: 24843.223 | AG7: 34149.241 | AH7: 33339.86 | AI7: 48844.181 | AJ7: 115361.3 | AK7: 143816.32 | AL7: 126799.74 | AM7: 88597.347 | AN7: 133563.07 | AO7: 156931.49 | AP7: 182286.19 | AQ7: 193343.48 | AR7: 179638.25 | AS7: 177119.24 | AT7: 185204.25 | AU7: 183453.73 | AV7: 203447.38 | AW7: 301554.15 | AX7: 625268.12 | AY7: 842674.15 | AZ7: 61.935 | BA7: 60.582 | BB7: 159.701 | BC7: 350.91 | BD7: 402.62 | BE7: 434.298 | BF7: 400.58 | BG7: 586.463 | BH7: 725.206 | BI7: 1251.73 | BJ7: 2621.691 | BK7: 3049.718 | BL7: 7152.816 | BM7: 7933.542 | BN7: 9511.493 | BO7: 8452.604 | BP7: 15186.749 | BQ7: 18855.023 | BR7: 16264.954 | BS7: 17781.149 | BT7: 24426.194 | BU7: 37971.642 | BV7: 62918.439 | BW7: 68870.85 | BX7: 75963.074 | BY7: -92.691 | BZ7: -32.843 | CA7: 40.067 | CB7: -439.615 | CC7: -643.168 | CD7: -504.982 | CE7: -517.323 | CF7: -1257.838 | CG7: -1199.361 | CH7: -927.023 | CI7: -1334.358 | CJ7: -1499.632 | CK7: -5141.211 | CL7: -2879.434 | CM7: -2674.351 | CN7: -1316.946 | CO7: -3982.934 | CP7: -1362.77 | CQ7: -1989.205 | CR7: 8969.746 | CS7: 8669.621 | CT7: 8873.132 | CU7: 10198.648 | CV7: 8353.195 | CW7: 15472.836 | CX7: -0.259 | CY7: 0.105 | CZ7: -0.2 | DA7: -59.849 | DB7: -235.958 | DC7: -18.956 | DD7: -70.513 | DE7: -43.718 | DF7: -137.608 | DG7: -88.216 | DH7: -47.858 | DI7: -112.076 | DJ7: -2413.21 | DK7: -244.779 | DL7: -244.73 | DM7: -435.212 | DN7: -5394.02 | DO7: -986.416 | DP7: -835.107 | DQ7: -1483.343 | DR7: -5564.125 | DS7: -1947.763 | DT7: -15202.412 | DU7: -10446.22 | DV7: -3717.013
A8: Grand Total | B8: 97817.599 | C8: 169718.43 | D8: 156772.83 | E8: 172317.76 | F8: 186265.65 | G8: 319518.03 | H8: 387886.24 | I8: 585126.83 | J8: 829577.51 | K8: 812100.61 | L8: 1164853 | M8: 962687.3 | N8: 728382.08 | O8: 99233026 | P8: 99178596 | Q8: 770373.7 | R8: 4.9257728e+08 | S8: 829446.89 | T8: 667090.21 | U8: 741638.57 | V8: 732960.68 | W8: 816250 | X8: 962246.67 | Y8: 1490479.5 | Z8: 1860759.2 | AA8: 434.4 | AB8: 1388.2 | AC8: 150767.85 | AD8: 167537.3 | AE8: 185072.63 | AF8: 305819.18 | AG8: 389118.4 | AH8: 582103.13 | AI8: 825509.61 | AJ8: 809453.38 | AK8: 1155177.3 | AL8: 958007.22 | AM8: 732484.88 | AN8: 845758.73 | AO8: 783011.36 | AP8: 745172.55 | AQ8: 818509.67 | AR8: 811805.51 | AS8: 656686.38 | AT8: 706252.08 | AU8: 741737.6 | AV8: 812548.65 | AW8: 988127.24 | AX8: 1522745.1 | AY8: 1891853.3 | AZ8: 61.935 | BA8: 4755.912 | BB8: 7427.711 | BC8: 9512.198 | BD8: 13896.643 | BE8: 13309.929 | BF8: 12606.295 | BG8: 13579.645 | BH8: 18272.669 | BI8: 25600.57 | BJ8: 27034.954 | BK8: 35876.18 | BL8: 47390.903 | BM8: 50833.674 | BN8: 58062.701 | BO8: 56079.232 | BP8: 52710.185 | BQ8: 62089.45 | BR8: 73910.079 | BS8: 119326.21 | BT8: 127167.83 | BU8: 145753.24 | BV8: 177807.78 | BW8: 209775.34 | BX8: 213067.19 | BY8: 5926.569 | BZ8: 8309.577 | CA8: 7270.523 | CB8: 7345.238 | CC8: 9409.043 | CD8: 11747.171 | CE8: 13717.327 | CF8: 13096.157 | CG8: 17907.65 | CH8: 22452.292 | CI8: 23365.168 | CJ8: 27537.848 | CK8: 23369.534 | CL8: 19233.332 | CM8: 24616.755 | CN8: 25353.789 | CO8: 34388.81 | CP8: 23388.024 | CQ8: 30783.428 | CR8: 56736.56 | CS8: 38643.692 | CT8: 43242.994 | CU8: 47568.255 | CV8: 53320.422 | CW8: 55600.721 | CX8: 0.741 | CY8: -139.395 | CZ8: -139.21 | DA8: -2314.89 | DB8: -6879.036 | DC8: -2092.385 | DD8: -1130.483 | DE8: -889.905 | DF8: -4381.684 | DG8: -714.803 | DH8: -1652.404 | DI8: -8418.861 | DJ8: -3178.642 | DK8: -3063.487 | DL8: -3400.095 | DM8: -3896.786 | DN8: -27736.633 | DO8: -22909.274 | DP8: -9996.656 | DQ8: -65853.755 | DR8: -8874.132 | DS8: -12635.58 | DT8: -38517.128 | DU8: -18280.813 | DV8: -19995.883
A9: Year | B9: Revenue | C9: Revenue Growth | D9: % fro Bio | E9: EBIT | F9: R&D | G9: Operating Margin | H9: R&D/Sales | I9: (EBIT+R&D)/Sales | J9: R&D/EBIT | K9: Mkt Cap | L9: EV | M9: Total Debt | N9: Net Income | O9: Acquisitions
A10: 1990 | B10: =G2 -> 51.868 | D10: =G2/G4 -> 0.0016015445 | E10: =AK2 -> -99.564 | F10: =BO2 -> 40.31 | G10: =E10/B10 -> -1.919565 | H10: =F10/B10 -> 0.77716511 | I10: =G10+H10 -> -1.1423999 | J10: =F10/(F10+E10) -> -0.68029163 | K10: =B7 -> 4131.401 | L10: =AA7 -> 434.4 | M10: =AZ7 -> 61.935 | N10: =BY7 -> -92.691 | O10: =-CX7 -> 0.259
A11: 1991 | B11: =H2 -> 800.959 | C11: =B11/B10-1 -> 14.442257 | D11: =H2/H4 -> 0.016320212 | E11: =AL2 -> 93.464 | F11: =BP2 -> 210.03 | G11: =E11/B11 -> 0.11669012 | H11: =F11/B11 -> 0.26222316 | I11: =G11+H11 -> 0.37891328 | J11: =F11/(F11+E11) -> 0.69204004 | K11: =C7 -> 16576.594 | L11: =K11-(K12-L12) -> 10770.109 | M11: =BA7 -> 60.582 | N11: =BZ7 -> -32.843 | O11: =-CY7 -> -0.105
A12: 1992 | B12: =I2 -> 1464.998 | C12: =B12/B11-1 -> 0.82905492 | D12: =I2/I4 -> 0.027730356 | E12: =AM2 -> 181.19 | F12: =BQ2 -> 348.62 | G12: =E12/B12 -> 0.12367935 | H12: =F12/B12 -> 0.2379662 | I12: =G12+H12 -> 0.36164554 | J12: =F12/(F12+E12) -> 0.65800948 | K12: =D7 -> 16726.935 | L12: =AC7 -> 10920.45 | M12: =BB7 -> 159.701 | N12: =CA7 -> 40.067 | O12: =-CZ7 -> 0.2
A13: 1993 | B13: =J2 -> 2173.433 | C13: =B13/B12-1 -> 0.48357404 | D13: =J2/J4 -> 0.039248527 | E13: =AN2 -> 139.301 | F13: =BR2 -> 584.069 | G13: =E13/B13 -> 0.064092613 | H13: =F13/B13 -> 0.26873108 | I13: =G13+H13 -> 0.33282369 | J13: =F13/(F13+E13) -> 0.80742773 | K13: =E7 -> 15170.145 | L13: =AD7 -> 9702.9 | M13: =BC7 -> 350.91 | N13: =CB7 -> -439.615 | O13: =-DA7 -> 59.849
A14: =A13+1 -> 1994 | B14: =K2 -> 2774.505 | C14: =B14/B13-1 -> 0.27655419 | D14: =K2/K4 -> 0.043074529 | E14: =AO2 -> -178.665 | F14: =BS2 -> 929.422 | G14: =E14/B14 -> -0.064395271 | H14: =F14/B14 -> 0.3349866 | I14: =G14+H14 -> 0.27059133 | J14: =F14/(F14+E14) -> 1.2379798 | K14: =F7 -> 13990.537 | L14: =AE7 -> 10131.261 | M14: =BD7 -> 402.62 | N14: =CC7 -> -643.168 | O14: =-DB7 -> 235.958
A15: =A14+1 -> 1995 | B15: =L2 -> 3967.148 | C15: =B15/B14-1 -> 0.42985794 | D15: =L2/L4 -> 0.052008783 | E15: =AP2 -> -193.251 | F15: =BT2 -> 1258.193 | G15: =E15/B15 -> -0.048712828 | H15: =F15/B15 -> 0.31715303 | I15: =G15+H15 -> 0.2684402 | J15: =F15/(F15+E15) -> 1.1814662 | K15: =G7 -> 31706.383 | L15: =AF7 -> 24843.223 | M15: =BE7 -> 434.298 | N15: =CD7 -> -504.982 | O15: =-DC7 -> 18.956
A16: =A15+1 -> 1996 | B16: =M2 -> 4705.51 | C16: =B16/B15-1 -> 0.1861191 | D16: =M2/M4 -> 0.055197575 | E16: =AQ2 -> -241.239 | F16: =BU2 -> 1608.337 | G16: =E16/B16 -> -0.051267344 | H16: =F16/B16 -> 0.34179866 | I16: =G16+H16 -> 0.29053131 | J16: =F16/(F16+E16) -> 1.1764606 | K16: =H7 -> 39250.621 | L16: =AG7 -> 34149.241 | M16: =BF7 -> 400.58 | N16: =CE7 -> -517.323 | O16: =-DD7 -> 70.513
A17: =A16+1 -> 1997 | B17: =N2 -> 5375.244 | C17: =B17/B16-1 -> 0.14232974 | D17: =N2/N4 -> 0.055674998 | E17: =AR2 -> -640.556 | F17: =BV2 -> 2032.09 | G17: =E17/B17 -> -0.1191678 | H17: =F17/B17 -> 0.37804609 | I17: =G17+H17 -> 0.25887829 | J17: =F17/(F17+E17) -> 1.4603236 | K17: =I7 -> 39319.955 | L17: =AH7 -> 33339.86 | M17: =BG7 -> 586.463 | N17: =CF7 -> -1257.838 | O17: =-DE7 -> 43.718
A18: =A17+1 -> 1998 | B18: =O2 -> 6530.248 | C18: =B18/B17-1 -> 0.21487471 | D18: =O2/O4 -> 0.056361877 | E18: =AS2 -> -594.978 | F18: =BW2 -> 2183.677 | G18: =E18/B18 -> -0.091111088 | H18: =F18/B18 -> 0.33439419 | I18: =G18+H18 -> 0.2432831 | J18: =F18/(F18+E18) -> 1.3745064 | K18: =J7 -> 53254.98 | L18: =AI7 -> 48844.181 | M18: =BH7 -> 725.206 | N18: =CG7 -> -1199.361 | O18: =-DF7 -> 137.608
A19: =A18+1 -> 1999 | B19: =P2 -> 6551.314 | C19: =B19/B18-1 -> 0.0032259112 | D19: =P2/P4 -> 0.049256439 | E19: =AT2 -> -324.903 | F19: =BX2 -> 2449.818 | G19: =E19/B19 -> -0.049593562 | H19: =F19/B19 -> 0.373943 | I19: =G19+H19 -> 0.32434944 | J19: =F19/(F19+E19) -> 1.1529016 | K19: =K7 -> 121309.2 | L19: =AJ7 -> 115361.3 | M19: =BI7 -> 1251.73 | N19: =CH7 -> -927.023 | O19: =-DG7 -> 88.216
A20: =A19+1 -> 2000 | B20: =Q2 -> 6865.116 | C20: =B20/B19-1 -> 0.047899093 | D20: =Q2/Q4 -> 0.047801318 | E20: =AU2 -> -774.76 | F20: =BY2 -> 2640.415 | G20: =E20/B20 -> -0.11285461 | H20: =F20/B20 -> 0.38461331 | I20: =G20+H20 -> 0.2717587 | J20: =F20/(F20+E20) -> 1.4152751 | K20: =L7 -> 155612.31 | L20: =AK7 -> 143816.32 | M20: =BJ7 -> 2621.691 | N20: =CI7 -> -1334.358 | O20: =-DH7 -> 47.858
A21: =A20+1 -> 2001 | B21: =R2 -> 7686.278 | C21: =B21/B20-1 -> 0.11961371 | D21: =R2/R4 -> 0.057679048 | E21: =AV2 -> -1138.124 | F21: =BZ2 -> 3091.945 | G21: =E21/B21 -> -0.14807219 | H21: =F21/B21 -> 0.40226817 | I21: =G21+H21 -> 0.25419598 | J21: =F21/(F21+E21) -> 1.5825119 | K21: =M7 -> 138567.51 | L21: =AL7 -> 126799.74 | M21: =BK7 -> 3049.718 | N21: =CJ7 -> -1499.632 | O21: =-DI7 -> 112.076
A22: =A21+1 -> 2002 | B22: =S2 -> 8557.644 | C22: =B22/B21-1 -> 0.11336644 | D22: =S2/S4 -> 0.061055048 | E22: =AW2 -> -1080.102 | F22: =CA2 -> 3353.804 | G22: =E22/B22 -> -0.12621488 | H22: =F22/B22 -> 0.3919074 | I22: =G22+H22 -> 0.26569252 | J22: =F22/(F22+E22) -> 1.4750411 | K22: =N7 -> 95291.968 | L22: =AM7 -> 88597.347 | M22: =BL7 -> 7152.816 | N22: =CK7 -> -5141.211 | O22: =-DJ7 -> 2413.21
A23: =A22+1 -> 2003 | B23: =T2 -> 12340.981 | C23: =B23/B22-1 -> 0.4421003 | D23: =T2/T4 -> 0.074639757 | E23: =AX2 -> -451.995 | F23: =CB2 -> 4179.226 | G23: =E23/B23 -> -0.036625532 | H23: =F23/B23 -> 0.33864617 | I23: =G23+H23 -> 0.30202064 | J23: =F23/(F23+E23) -> 1.1212683 | K23: =O7 -> 140394.47 | L23: =AN7 -> 133563.07 | M23: =BM7 -> 7933.542 | N23: =CL7 -> -2879.434 | O23: =-DK7 -> 244.779
A24: =A23+1 -> 2004 | B24: =U2 -> 16720.374 | C24: =B24/B23-1 -> 0.35486587 | D24: =U2/U4 -> 0.091756439 | E24: =AY2 -> -124.674 | F24: =CC2 -> 5589.276 | G24: =E24/B24 -> -0.0074564122 | H24: =F24/B24 -> 0.33427936 | I24: =G24+H24 -> 0.32682295 | J24: =F24/(F24+E24) -> 1.0228148 | K24: =P7 -> 164445.42 | L24: =AO7 -> 156931.49 | M24: =BN7 -> 9511.493 | N24: =CM7 -> -2674.351 | O24: =-DL7 -> 244.73
A25: =A24+1 -> 2005 | B25: =V2 -> 19940.228 | C25: =B25/B24-1 -> 0.19257069 | D25: =V2/V4 -> 0.10611257 | E25: =AZ2 -> 1414.306 | F25: =CD2 -> 6267.059 | G25: =E25/B25 -> 0.070927273 | H25: =F25/B25 -> 0.31429224 | I25: =G25+H25 -> 0.38521952 | J25: =F25/(F25+E25) -> 0.8158783 | K25: =Q7 -> 191645 | L25: =AP7 -> 182286.19 | M25: =BO7 -> 8452.604 | N25: =CN7 -> -1316.946 | O25: =-DM7 -> 435.212
A26: =A25+1 -> 2006 | B26: =W2 -> 23813.692 | C26: =B26/B25-1 -> 0.19425375 | D26: =W2/W4 -> 0.12113237 | E26: =BA2 -> 1480.542 | F26: =CE2 -> 7974.535 | G26: =E26/B26 -> 0.06217188 | H26: =F26/B26 -> 0.33487185 | I26: =G26+H26 -> 0.39704373 | J26: =F26/(F26+E26) -> 0.84341302 | K26: =R7 -> 198482.23 | L26: =AQ7 -> 193343.48 | M26: =BP7 -> 15186.749 | N26: =CO7 -> -3982.934 | O26: =-DN7 -> 5394.02
A27: =A26+1 -> 2007 | B27: =X2 -> 27215.808 | C27: =B27/B26-1 -> 0.14286386 | D27: =X2/X4 -> 0.1267015 | E27: =BB2 -> 1733.829 | F27: =CF2 -> 9186.891 | G27: =E27/B27 -> 0.063706688 | H27: =F27/B27 -> 0.33755717 | I27: =G27+H27 -> 0.40126385 | J27: =F27/(F27+E27) -> 0.84123492 | K27: =S7 -> 182469.74 | L27: =AR7 -> 179638.25 | M27: =BQ7 -> 18855.023 | N27: =CP7 -> -1362.77 | O27: =-DO7 -> 986.416
A28: =A27+1 -> 2008 | B28: =Y2 -> 31353.414 | C28: =B28/B27-1 -> 0.15202951 | D28: =Y2/Y4 -> 0.13597427 | E28: =BC2 -> 3687.768 | F28: =CG2 -> 9515.249 | G28: =E28/B28 -> 0.11761934 | H28: =F28/B28 -> 0.30348367 | I28: =G28+H28 -> 0.42110301 | J28: =F28/(F28+E28) -> 0.72068748 | K28: =T7 -> 184776.29 | L28: =AS7 -> 177119.24 | M28: =BR7 -> 16264.954 | N28: =CQ7 -> -1989.205 | O28: =-DP7 -> 835.107
A29: =A28+1 -> 2009 | B29: =Z2 -> 48531.853 | C29: =B29/B28-1 -> 0.54789692 | D29: =Z2/Z4 -> 0.20386093 | E29: =BC2 -> 3687.768 | F29: =CH2 -> 10765.269 | G29: =E29/B29 -> 0.075986548 | H29: =F29/B29 -> 0.22181863 | I29: =G29+H29 -> 0.29780518 | J29: =F29/(F29+E29) -> 0.74484477 | K29: =U7 -> 196806.4 | L29: =AT7 -> 185204.25 | M29: =BS7 -> 17781.149 | N29: =CR7 -> 8969.746 | O29: =-DQ7 -> 1483.343
A30: =A29+1 -> 2010 | B30: =AA2 -> 54072.684 | C30: =B30/B29-1 -> 0.11416896 | D30: =AA2/AA4 -> 0.19231693 | E30: =BE2 -> 13394.647 | F30: =CI2 -> 11492.839 | G30: =E30/B30 -> 0.24771559 | H30: =F30/B30 -> 0.21254427 | I30: =G30+H30 -> 0.46025986 | J30: =F30/(F30+E30) -> 0.46179188 | K30: =V7 -> 197278.16 | L30: =AU7 -> 183453.73 | M30: =BT7 -> 24426.194 | N30: =CS7 -> 8669.621 | O30: =-DR7 -> 5564.125
A31: =A30+1 -> 2011 | B31: =AB2 -> 66378.184 | C31: =B31/B30-1 -> 0.22757332 | D31: =AB2/AB4 -> 0.21976543 | E31: =BF2 -> 16057.175 | F31: =CJ2 -> 12736.861 | G31: =E31/B31 -> 0.2419044 | H31: =F31/B31 -> 0.19188324 | I31: =G31+H31 -> 0.43378764 | J31: =F31/(F31+E31) -> 0.44234372 | K31: =W7 -> 213819.11 | L31: =AV7 -> 203447.38 | M31: =BU7 -> 37971.642 | N31: =CT7 -> 8873.132 | O31: =-DS7 -> 1947.763
A32: =A31+1 -> 2012 | B32: =AC2 -> 73361.394 | C32: =B32/B31-1 -> 0.10520339 | D32: =AC2/AC4 -> 0.2429356 | E32: =BG2 -> 17560.01 | F32: =CK2 -> 14324.277 | G32: =E32/B32 -> 0.23936309 | H32: =F32/B32 -> 0.19525634 | I32: =G32+H32 -> 0.43461943 | J32: =F32/(F32+E32) -> 0.44925819 | K32: =X7 -> 303414.22 | L32: =AW7 -> 301554.15 | M32: =BV7 -> 62918.439 | N32: =CU7 -> 10198.648 | O32: =-DT7 -> 15202.412
A33: =A32+1 -> 2013 | B33: =AD2 -> 81066.368 | C33: =B33/B32-1 -> 0.10502764 | D33: =AD2/AD4 -> 0.2573212 | E33: =BH2 -> 17170.556 | F33: =CL2 -> 16859.046 | G33: =E33/B33 -> 0.21180863 | H33: =F33/B33 -> 0.20796597 | I33: =G33+H33 -> 0.4197746 | J33: =F33/(F33+E33) -> 0.49542296 | K33: =Y7 -> 624461.97 | L33: =AX7 -> 625268.12 | M33: =BW7 -> 68870.85 | N33: =CV7 -> 8353.195 | O33: =-DU7 -> 10446.22
A34: =A33+1 -> 2014 | B34: =AE2 -> 105054.11 | C34: =B34/B33-1 -> 0.29590254 | D34: =AE2/AE4 -> 0.30633004 | E34: =BI2 -> 29118.979 | F34: =CM2 -> 20001.761 | G34: =E34/B34 -> 0.27718076 | H34: =F34/B34 -> 0.19039484 | I34: =G34+H34 -> 0.46757561 | J34: =F34/(F34+E34) -> 0.40719584 | K34: =Z7 -> 848993.92 | L34: =AY7 -> 842674.15 | M34: =BX7 -> 75963.074 | N34: =CW7 -> 15472.836 | O34: =-DV7 -> 3717.013

Sheet PE Ratios
C1: Pharma | F1: Biotech
A2: Year | B2: Pharma | C2: Net Income | D2: PE | E2: Biotech | F2: Net Income | G2: PE | H2: Biotech % of Drug Company Value
A3: ='PharmaSales&R&D'!A12 -> 1991 | B3: ='PharmaSales&R&D'!L12 -> 153141.84 | C3: ='PharmaSales&R&D'!O12 -> 8342.42 | D3: =IF(C3>0,B3/C3,"NA") -> 18.357004 | E3: ='BiotectSales&R&D'!K10 -> 4131.401 | F3: ='BiotectSales&R&D'!N10 -> -92.691 | G3: =IF(F3>0,E3/F3,"NA") -> NA | H3: =E3/(B3+E3) -> 0.026268938
A4: ='PharmaSales&R&D'!A13 -> 1992 | B4: ='PharmaSales&R&D'!L13 -> 140045.89 | C4: ='PharmaSales&R&D'!O13 -> 7230.456 | D4: =IF(C4>0,B4/C4,"NA") -> 19.368888 | E4: ='BiotectSales&R&D'!K11 -> 16576.594 | F4: ='BiotectSales&R&D'!N11 -> -32.843 | G4: =IF(F4>0,E4/F4,"NA") -> NA | H4: =E4/(B4+E4) -> 0.10583789
A5: ='PharmaSales&R&D'!A14 -> 1993 | B5: ='PharmaSales&R&D'!L14 -> 157147.61 | C5: ='PharmaSales&R&D'!O14 -> 7784.853 | D5: =IF(C5>0,B5/C5,"NA") -> 20.18633 | E5: ='BiotectSales&R&D'!K12 -> 16726.935 | F5: ='BiotectSales&R&D'!N12 -> 40.067 | G5: =IF(F5>0,E5/F5,"NA") -> 417.47411 | H5: =E5/(B5+E5) -> 0.096201171
A6: ='PharmaSales&R&D'!A15 -> 1994 | B6: ='PharmaSales&R&D'!L15 -> 172275.11 | C6: ='PharmaSales&R&D'!O15 -> 10052.211 | D6: =IF(C6>0,B6/C6,"NA") -> 17.138032 | E6: ='BiotectSales&R&D'!K13 -> 15170.145 | F6: ='BiotectSales&R&D'!N13 -> -439.615 | G6: =IF(F6>0,E6/F6,"NA") -> NA | H6: =E6/(B6+E6) -> 0.080931068
A7: ='PharmaSales&R&D'!A16 -> 1995 | B7: ='PharmaSales&R&D'!L16 -> 287811.65 | C7: ='PharmaSales&R&D'!O16 -> 12252.153 | D7: =IF(C7>0,B7/C7,"NA") -> 23.4907 | E7: ='BiotectSales&R&D'!K14 -> 13990.537 | F7: ='BiotectSales&R&D'!N14 -> -643.168 | G7: =IF(F7>0,E7/F7,"NA") -> NA | H7: =E7/(B7+E7) -> 0.046356646
A8: ='PharmaSales&R&D'!A17 -> 1996 | B8: ='PharmaSales&R&D'!L17 -> 348635.62 | C8: ='PharmaSales&R&D'!O17 -> 14234.65 | D8: =IF(C8>0,B8/C8,"NA") -> 24.49204 | E8: ='BiotectSales&R&D'!K15 -> 31706.383 | F8: ='BiotectSales&R&D'!N15 -> -504.982 | G8: =IF(F8>0,E8/F8,"NA") -> NA | H8: =E8/(B8+E8) -> 0.083362823
A9: ='PharmaSales&R&D'!A18 -> 1997 | B9: ='PharmaSales&R&D'!L18 -> 545806.88 | C9: ='PharmaSales&R&D'!O18 -> 14353.995 | D9: =IF(C9>0,B9/C9,"NA") -> 38.024737 | E9: ='BiotectSales&R&D'!K16 -> 39250.621 | F9: ='BiotectSales&R&D'!N16 -> -517.323 | G9: =IF(F9>0,E9/F9,"NA") -> NA | H9: =E9/(B9+E9) -> 0.067088484
A10: ='PharmaSales&R&D'!A19 -> 1998 | B10: ='PharmaSales&R&D'!L19 -> 776322.53 | C10: ='PharmaSales&R&D'!O19 -> 19107.011 | D10: =IF(C10>0,B10/C10,"NA") -> 40.630245 | E10: ='BiotectSales&R&D'!K17 -> 39319.955 | F10: ='BiotectSales&R&D'!N17 -> -1257.838 | G10: =IF(F10>0,E10/F10,"NA") -> NA | H10: =E10/(B10+E10) -> 0.04820734
A11: ='PharmaSales&R&D'!A20 -> 1999 | B11: ='PharmaSales&R&D'!L20 -> 690791.41 | C11: ='PharmaSales&R&D'!O20 -> 23379.315 | D11: =IF(C11>0,B11/C11,"NA") -> 29.547119 | E11: ='BiotectSales&R&D'!K18 -> 53254.98 | F11: ='BiotectSales&R&D'!N18 -> -1199.361 | G11: =IF(F11>0,E11/F11,"NA") -> NA | H11: =E11/(B11+E11) -> 0.071574811
A12: ='PharmaSales&R&D'!A21 -> 2000 | B12: ='PharmaSales&R&D'!L21 -> 1009240.7 | C12: ='PharmaSales&R&D'!O21 -> 24699.526 | D12: =IF(C12>0,B12/C12,"NA") -> 40.860731 | E12: ='BiotectSales&R&D'!K19 -> 121309.2 | F12: ='BiotectSales&R&D'!N19 -> -927.023 | G12: =IF(F12>0,E12/F12,"NA") -> NA | H12: =E12/(B12+E12) -> 0.10730106
A13: ='PharmaSales&R&D'!A22 -> 2001 | B13: ='PharmaSales&R&D'!L22 -> 824119.79 | C13: ='PharmaSales&R&D'!O22 -> 29037.48 | D13: =IF(C13>0,B13/C13,"NA") -> 28.381244 | E13: ='BiotectSales&R&D'!K20 -> 155612.31 | F13: ='BiotectSales&R&D'!N20 -> -1334.358 | G13: =IF(F13>0,E13/F13,"NA") -> NA | H13: =E13/(B13+E13) -> 0.15883149
A14: ='PharmaSales&R&D'!A23 -> 2002 | B14: ='PharmaSales&R&D'!L23 -> 633090.11 | C14: ='PharmaSales&R&D'!O23 -> 28510.745 | D14: =IF(C14>0,B14/C14,"NA") -> 22.205316 | E14: ='BiotectSales&R&D'!K21 -> 138567.51 | F14: ='BiotectSales&R&D'!N21 -> -1499.632 | G14: =IF(F14>0,E14/F14,"NA") -> NA | H14: =E14/(B14+E14) -> 0.17957123
... A26: ='PharmaSales&R&D'!A35 -> 2014 | B26: ='PharmaSales&R&D'!L35 -> 1011765.3 | C26: ='PharmaSales&R&D'!O35 -> 40127.885 | D26: =IF(C26>0,B26/C26,"NA") -> 25.213521 | E26: ='BiotectSales&R&D'!K33 -> 624461.97 | F26: ='BiotectSales&R&D'!N33 -> 8353.195 | G26: =IF(F26>0,E26/F26,"NA") -> 74.757261 | H26: =E26/(B26+E26) -> 0.38164746

Sheet EV Multiples
C1: Pharma | J1: Biotech
A2: Year | B2: EV | C2: EBIT | D2: EBITR&D | E2: Pharma: EV/EBIT | F2: Pharma: EV/EBITR&D | G2: EV | H2: EBIT | I2: EBITR&D | J2: Biotech: EV/EBIT | K2: Biotech: EV/EBITR&D | L2: Biotech Premium
A3: ='PharmaSales&R&D'!A12 -> 1991 | B3: ='PharmaSales&R&D'!M12 -> 153340.33 | C3: ='PharmaSales&R&D'!E12 -> 11882.57 | D3: ='PharmaSales&R&D'!E12+'PharmaSales&R&D'!F12 -> 16793.066 | E3: =IF(C3>0,B3/C3,"NA") -> 12.904644 | F3: =IF(D3>0,B3/D3,"NA") -> 9.1311694 | G3: ='BiotectSales&R&D'!L11 -> 10770.109 | H3: ='BiotectSales&R&D'!E11 -> 93.464 | I3: ='BiotectSales&R&D'!E11+'BiotectSales&R&D'!F11 -> 303.494 | J3: =IF(H3>0,G3/H3,"NA") -> 115.2327 | K3: =IF(I3>0,G3/I3,"NA") -> 35.487057 | L3: =K3/F3-1 -> 2.886365
A4: ='PharmaSales&R&D'!A13 -> 1992 | B4: ='PharmaSales&R&D'!M13 -> 139847.4 | C4: ='PharmaSales&R&D'!E13 -> 12682.016 | D4: ='PharmaSales&R&D'!E13+'PharmaSales&R&D'!F13 -> 18146.466 | E4: =IF(C4>0,B4/C4,"NA") -> 11.027222 | F4: =IF(D4>0,B4/D4,"NA") -> 7.7065915 | G4: ='BiotectSales&R&D'!L12 -> 10920.45 | H4: ='BiotectSales&R&D'!E12 -> 181.19 | I4: ='BiotectSales&R&D'!E12+'BiotectSales&R&D'!F12 -> 529.81 | J4: =IF(H4>0,G4/H4,"NA") -> 60.27071 | K4: =IF(I4>0,G4/I4,"NA") -> 20.612012 | L4: =K4/F4-1 -> 1.6745951
A5: ='PharmaSales&R&D'!A14 -> 1993 | B5: ='PharmaSales&R&D'!M14 -> 157834.4 | C5: ='PharmaSales&R&D'!E14 -> 13559.481 | D5: ='PharmaSales&R&D'!E14+'PharmaSales&R&D'!F14 -> 19393.209 | E5: =IF(C5>0,B5/C5,"NA") -> 11.640151 | F5: =IF(D5>0,B5/D5,"NA") -> 8.1386428 | G5: ='BiotectSales&R&D'!L13 -> 9702.9 | H5: ='BiotectSales&R&D'!E13 -> 139.301 | I5: ='BiotectSales&R&D'!E13+'BiotectSales&R&D'!F13 -> 723.37 | J5: =IF(H5>0,G5/H5,"NA") -> 69.654202 | K5: =IF(I5>0,G5/I5,"NA") -> 13.413468 | L5: =K5/F5-1 -> 0.64812094
A6: ='PharmaSales&R&D'!A15 -> 1994 | B6: ='PharmaSales&R&D'!M15 -> 174941.37 | C6: ='PharmaSales&R&D'!E15 -> 15356.067 | D6: ='PharmaSales&R&D'!E15+'PharmaSales&R&D'!F15 -> 21707.145 | E6: =IF(C6>0,B6/C6,"NA") -> 11.392329 | F6: =IF(D6>0,B6/D6,"NA") -> 8.0591607 | G6: ='BiotectSales&R&D'!L14 -> 10131.261 | H6: ='BiotectSales&R&D'!E14 -> -178.665 | I6: ='BiotectSales&R&D'!E14+'BiotectSales&R&D'!F14 -> 750.757 | J6: =IF(H6>0,G6/H6,"NA") -> NA | K6: =IF(I6>0,G6/I6,"NA") -> 13.494727 | L6: =K6/F6-1 -> 0.67445815
A7: ='PharmaSales&R&D'!A16 -> 1995 | B7: ='PharmaSales&R&D'!M16 -> 280975.96 | C7: ='PharmaSales&R&D'!E16 -> 17473.579 | D7: ='PharmaSales&R&D'!E16+'PharmaSales&R&D'!F16 -> 24972.676 | E7: =IF(C7>0,B7/C7,"NA") -> 16.080046 | F7: =IF(D7>0,B7/D7,"NA") -> 11.251336 | G7: ='BiotectSales&R&D'!L15 -> 24843.223 | H7: ='BiotectSales&R&D'!E15 -> -193.251 | I7: ='BiotectSales&R&D'!E15+'BiotectSales&R&D'!F15 -> 1064.942 | J7: =IF(H7>0,G7/H7,"NA") -> NA | K7: =IF(I7>0,G7/I7,"NA") -> 23.32824 | L7: =K7/F7-1 -> 1.0733752
A8: ='PharmaSales&R&D'!A17 -> 1996 | B8: ='PharmaSales&R&D'!M17 -> 354969.16 | C8: ='PharmaSales&R&D'!E17 -> 19635.362 | D8: ='PharmaSales&R&D'!E17+'PharmaSales&R&D'!F17 -> 28045.481 | E8: =IF(C8>0,B8/C8,"NA") -> 18.078055 | F8: =IF(D8>0,B8/D8,"NA") -> 12.656911 | G8: ='BiotectSales&R&D'!L16 -> 34149.241 | H8: ='BiotectSales&R&D'!E16 -> -241.239 | I8: ='BiotectSales&R&D'!E16+'BiotectSales&R&D'!F16 -> 1367.098 | J8: =IF(H8>0,G8/H8,"NA") -> NA | K8: =IF(I8>0,G8/I8,"NA") -> 24.979366 | L8: =K8/F8-1 -> 0.97357519
A9: ='PharmaSales&R&D'!A18 -> 1997 | B9: ='PharmaSales&R&D'!M18 -> 548763.27 | C9: ='PharmaSales&R&D'!E18 -> 22209.12 | D9: ='PharmaSales&R&D'!E18+'PharmaSales&R&D'!F18 -> 31880.735 | E9: =IF(C9>0,B9/C9,"NA") -> 24.708916 | F9: =IF(D9>0,B9/D9,"NA") -> 17.213006 | G9: ='BiotectSales&R&D'!L17 -> 33339.86 | H9: ='BiotectSales&R&D'!E17 -> -640.556 | I9: ='BiotectSales&R&D'!E17+'BiotectSales&R&D'!F17 -> 1391.534 | J9: =IF(H9>0,G9/H9,"NA") -> NA | K9: =IF(I9>0,G9/I9,"NA") -> 23.95907 | L9: =K9/F9-1 -> 0.39191668
A10: ='PharmaSales&R&D'!A19 -> 1998 | B10: ='PharmaSales&R&D'!M19 -> 776665.43 | C10: ='PharmaSales&R&D'!E19 -> 26249.276 | D10: ='PharmaSales&R&D'!E19+'PharmaSales&R&D'!F19 -> 38437.286 | E10: =IF(C10>0,B10/C10,"NA") -> 29.588071 | F10: =IF(D10>0,B10/D10,"NA") -> 20.206042 | G10: ='BiotectSales&R&D'!L18 -> 48844.181 | H10: ='BiotectSales&R&D'!E18 -> -594.978 | I10: ='BiotectSales&R&D'!E18+'BiotectSales&R&D'!F18 -> 1588.699 | J10: =IF(H10>0,G10/H10,"NA") -> NA | K10: =IF(I10>0,G10/I10,"NA") -> 30.744767 | L10: =K10/F10-1 -> 0.52156304
A11: ='PharmaSales&R&D'!A20 -> 1999 | B11: ='PharmaSales&R&D'!M20 -> 694092.07 | C11: ='PharmaSales&R&D'!E20 -> 32351.384 | D11: ='PharmaSales&R&D'!E20+'PharmaSales&R&D'!F20 -> 46365.109 | E11: =IF(C11>0,B11/C11,"NA") -> 21.454788 | F11: =IF(D11>0,B11/D11,"NA") -> 14.970138 | G11: ='BiotectSales&R&D'!L19 -> 115361.3 | H11: ='BiotectSales&R&D'!E19 -> -324.903 | I11: ='BiotectSales&R&D'!E19+'BiotectSales&R&D'!F19 -> 2124.915 | J11: =IF(H11>0,G11/H11,"NA") -> NA | K11: =IF(I11>0,G11/I11,"NA") -> 54.289844 | L11: =K11/F11-1 -> 2.6265427
A12: ='PharmaSales&R&D'!A21 -> 2000 | B12: ='PharmaSales&R&D'!M21 -> 1011361 | C12: ='PharmaSales&R&D'!E21 -> 36385.466 | D12: ='PharmaSales&R&D'!E21+'PharmaSales&R&D'!F21 -> 51992.88 | E12: =IF(C12>0,B12/C12,"NA") -> 27.795741 | F12: =IF(D12>0,B12/D12,"NA") -> 19.451913 | G12: ='BiotectSales&R&D'!L20 -> 143816.32 | H12: ='BiotectSales&R&D'!E20 -> -774.76 | I12: ='BiotectSales&R&D'!E20+'BiotectSales&R&D'!F20 -> 1865.655 | J12: =IF(H12>0,G12/H12,"NA") -> NA | K12: =IF(I12>0,G12/I12,"NA") -> 77.086234 | L12: =K12/F12-1 -> 2.9629127
A13: ='PharmaSales&R&D'!A22 -> 2001 | B13: ='PharmaSales&R&D'!M22 -> 831207.48 | C13: ='PharmaSales&R&D'!E22 -> 39525.815 | D13: ='PharmaSales&R&D'!E22+'PharmaSales&R&D'!F22 -> 56785.086 | E13: =IF(C13>0,B13/C13,"NA") -> 21.029484 | F13: =IF(D13>0,B13/D13,"NA") -> 14.637778 | G13: ='BiotectSales&R&D'!L21 -> 126799.74 | H13: ='BiotectSales&R&D'!E21 -> -1138.124 | I13: ='BiotectSales&R&D'!E21+'BiotectSales&R&D'!F21 -> 1953.821 | J13: =IF(H13>0,G13/H13,"NA") -> NA | K13: =IF(I13>0,G13/I13,"NA") -> 64.898343 | L13: =K13/F13-1 -> 3.4336199
A14: ='PharmaSales&R&D'!A23 -> 2002 | B14: ='PharmaSales&R&D'!M23 -> 643887.53 | C14: ='PharmaSales&R&D'!E23 -> 40559.284 | D14: ='PharmaSales&R&D'!E23+'PharmaSales&R&D'!F23 -> 58915.752 | E14: =IF(C14>0,B14/C14,"NA") -> 15.875219 | F14: =IF(D14>0,B14/D14,"NA") -> 10.928954 | G14: ='BiotectSales&R&D'!L22 -> 88597.347 | H14: ='BiotectSales&R&D'!E22 -> -1080.102 | I14: ='BiotectSales&R&D'!E22+'BiotectSales&R&D'!F22 -> 2273.702 | J14: =IF(H14>0,G14/H14,"NA") -> NA | K14: =IF(I14>0,G14/I14,"NA") -> 38.966121 | L14: =K14/F14-1 -> 2.5654027
... A26: ='PharmaSales&R&D'!A35 -> 2014 | B26: ='PharmaSales&R&D'!M35 -> 1049179.1 | C26: ='PharmaSales&R&D'!E35 -> 56697.832 | D26: ='PharmaSales&R&D'!E35+'PharmaSales&R&D'!F35 -> 90856.453 | E26: =IF(C26>0,B26/C26,"NA") -> 18.504749 | F26: =IF(D26>0,B26/D26,"NA") -> 11.547657 | G26: ='BiotectSales&R&D'!L34 -> 842674.15 | H26: ='BiotectSales&R&D'!E34 -> 29118.979 | I26: ='BiotectSales&R&D'!E34+'BiotectSales&R&D'!F34 -> 49120.74 | J26: =IF(H26>0,G26/H26,"NA") -> 28.939001 | K26: =IF(I26>0,G26/I26,"NA") -> 17.15516 | L26: =K26/F26-1 -> 0.48559661

Sheet Revenues&Growth
A1: ='PharmaSales&R&D'!A10 -> Year | B1: Pharmaceuticals | C1: Biotech | D1: Total Drug | E1: Pharma growth rate | F1: Biotech Growth rate
A2: ='PharmaSales&R&D'!A11 -> 1990 | B2: ='PharmaSales&R&D'!B11 -> 32334.37 | C2: ='BiotectSales&R&D'!B10 -> 51.868 | D2: =B2+C2 -> 32386.238 | E2: 0 | F2: NA | H2: =C2/(B2+C2) -> 0.0016015445
A3: ='PharmaSales&R&D'!A12 -> 1991 | B3: ='PharmaSales&R&D'!B12 -> 48276.775 | C3: ='BiotectSales&R&D'!B11 -> 800.959 | D3: =B3+C3 -> 49077.734 | E3: ='PharmaSales&R&D'!C12 -> 0.49304826 | F3: ='BiotectSales&R&D'!C11 -> 14.442257 | H3: =C3/(B3+C3) -> 0.016320212
A4: ='PharmaSales&R&D'!A13 -> 1992 | B4: ='PharmaSales&R&D'!B13 -> 51365.12 | C4: ='BiotectSales&R&D'!B12 -> 1464.998 | D4: =B4+C4 -> 52830.118 | E4: ='PharmaSales&R&D'!C13 -> 0.063971651 | F4: ='BiotectSales&R&D'!C12 -> 0.82905492 | H4: =C4/(B4+C4) -> 0.027730356
A5: ='PharmaSales&R&D'!A14 -> 1993 | B5: ='PharmaSales&R&D'!B14 -> 53202.735 | C5: ='BiotectSales&R&D'!B13 -> 2173.433 | D5: =B5+C5 -> 55376.168 | E5: ='PharmaSales&R&D'!C14 -> 0.035775542 | F5: ='BiotectSales&R&D'!C13 -> 0.48357404 | H5: =C5/(B5+C5) -> 0.039248527
A6: ='PharmaSales&R&D'!A15 -> 1994 | B6: ='PharmaSales&R&D'!B15 -> 61637.227 | C6: ='BiotectSales&R&D'!B14 -> 2774.505 | D6: =B6+C6 -> 64411.732 | E6: ='PharmaSales&R&D'!C15 -> 0.15853493 | F6: ='BiotectSales&R&D'!C14 -> 0.27655419 | H6: =C6/(B6+C6) -> 0.043074529
A7: ='PharmaSales&R&D'!A16 -> 1995 | B7: ='PharmaSales&R&D'!B16 -> 72311.276 | C7: ='BiotectSales&R&D'!B15 -> 3967.148 | D7: =B7+C7 -> 76278.424 | E7: ='PharmaSales&R&D'!C16 -> 0.17317536 | F7: ='BiotectSales&R&D'!C15 -> 0.42985794 | H7: =C7/(B7+C7) -> 0.052008783
A8: ='PharmaSales&R&D'!A17 -> 1996 | B8: ='PharmaSales&R&D'!B17 -> 80542.982 | C8: ='BiotectSales&R&D'!B16 -> 4705.51 | D8: =B8+C8 -> 85248.492 | E8: ='PharmaSales&R&D'!C17 -> 0.1138371 | F8: ='BiotectSales&R&D'!C16 -> 0.1861191 | H8: =C8/(B8+C8) -> 0.055197575
A9: ='PharmaSales&R&D'!A18 -> 1997 | B9: ='PharmaSales&R&D'!B18 -> 91171.576 | C9: ='BiotectSales&R&D'!B17 -> 5375.244 | D9: =B9+C9 -> 96546.82 | E9: ='PharmaSales&R&D'!C18 -> 0.13196176 | F9: ='BiotectSales&R&D'!C17 -> 0.14232974 | H9: =C9/(B9+C9) -> 0.055674998
A10: ='PharmaSales&R&D'!A19 -> 1998 | B10: ='PharmaSales&R&D'!B19 -> 109332.61 | C10: ='BiotectSales&R&D'!B18 -> 6530.248 | D10: =B10+C10 -> 115862.86 | E10: ='PharmaSales&R&D'!C19 -> 0.19919621 | F10: ='BiotectSales&R&D'!C18 -> 0.21487471 | H10: =C10/(B10+C10) -> 0.056361877
A11: ='PharmaSales&R&D'!A20 -> 1999 | B11: ='PharmaSales&R&D'!B20 -> 126452.9 | C11: ='BiotectSales&R&D'!B19 -> 6551.314 | D11: =B11+C11 -> 133004.21 | E11: ='PharmaSales&R&D'!C20 -> 0.15658908 | F11: ='BiotectSales&R&D'!C19 -> 0.0032259112 | H11: =C11/(B11+C11) -> 0.049256439
A12: ='PharmaSales&R&D'!A21 -> 2000 | B12: ='PharmaSales&R&D'!B21 -> 136752.6 | C12: ='BiotectSales&R&D'!B20 -> 6865.116 | D12: =B12+C12 -> 143617.72 | E12: ='PharmaSales&R&D'!C21 -> 0.081450872 | F12: ='BiotectSales&R&D'!C20 -> 0.047899093 | H12: =C12/(B12+C12) -> 0.047801318
A13: ='PharmaSales&R&D'!A22 -> 2001 | B13: ='PharmaSales&R&D'!B22 -> 125573.17 | C13: ='BiotectSales&R&D'!B21 -> 7686.278 | D13: =B13+C13 -> 133259.45 | E13: ='PharmaSales&R&D'!C22 -> -0.081749306 | F13: ='BiotectSales&R&D'!C21 -> 0.11961371 | H13: =C13/(B13+C13) -> 0.057679048
A14: ='PharmaSales&R&D'!A23 -> 2002 | B14: ='PharmaSales&R&D'!B23 -> 131605.12 | C14: ='BiotectSales&R&D'!B22 -> 8557.644 | D14: =B14+C14 -> 140162.76 | E14: ='PharmaSales&R&D'!C23 -> 0.048035309 | F14: ='BiotectSales&R&D'!C22 -> 0.11336644 | H14: =C14/(B14+C14) -> 0.061055048
... A26: ='PharmaSales&R&D'!A35 -> 2014 | B26: ='PharmaSales&R&D'!B35 -> 237890.1 | C26: ='BiotectSales&R&D'!B34 -> 105054.11 | D26: =B26+C26 -> 342944.21 | E26: ='PharmaSales&R&D'!C35 -> 0.016740654 | F26: ='BiotectSales&R&D'!C34 -> 0.29590254 | H26: =C26/(B26+C26) -> 0.30633004

Sheet Operating margins
A1: ='PharmaSales&R&D'!A10 -> Year | B1: Pharma EBIT/Sales | C1: Biotech EBIT/Sales | D1: Pharma (EBIT+R&D)/Sales | E1: Biotech (EBIT+R&D)/sales
A2: ='PharmaSales&R&D'!A12 -> 1991 | B2: ='PharmaSales&R&D'!H12 -> 0.2461343 | C2: ='BiotectSales&R&D'!G11 -> 0.11669012 | D2: ='PharmaSales&R&D'!J12 -> 0.34784979 | E2: ='BiotectSales&R&D'!I11 -> 0.37891328
A3: ='PharmaSales&R&D'!A13 -> 1992 | B3: ='PharmaSales&R&D'!H13 -> 0.24689937 | C3: ='BiotectSales&R&D'!G12 -> 0.12367935 | D3: ='PharmaSales&R&D'!J13 -> 0.35328382 | E3: ='BiotectSales&R&D'!I12 -> 0.36164554
A4: ='PharmaSales&R&D'!A14 -> 1993 | B4: ='PharmaSales&R&D'!H14 -> 0.25486436 | C4: ='BiotectSales&R&D'!G13 -> 0.064092613 | D4: ='PharmaSales&R&D'!J14 -> 0.36451526 | E4: ='BiotectSales&R&D'!I13 -> 0.33282369
A5: ='PharmaSales&R&D'!A15 -> 1994 | B5: ='PharmaSales&R&D'!H15 -> 0.24913624 | C5: ='BiotectSales&R&D'!G14 -> -0.064395271 | D5: ='PharmaSales&R&D'!J15 -> 0.35217589 | E5: ='BiotectSales&R&D'!I14 -> 0.27059133
A6: ='PharmaSales&R&D'!A16 -> 1995 | B6: ='PharmaSales&R&D'!H16 -> 0.2416439 | C6: ='BiotectSales&R&D'!G15 -> -0.048712828 | D6: ='PharmaSales&R&D'!J16 -> 0.34534968 | E6: ='BiotectSales&R&D'!I15 -> 0.2684402
A7: ='PharmaSales&R&D'!A17 -> 1996 | B7: ='PharmaSales&R&D'!H17 -> 0.24378737 | C7: ='BiotectSales&R&D'!G16 -> -0.051267344 | D7: ='PharmaSales&R&D'!J17 -> 0.34820515 | E7: ='BiotectSales&R&D'!I16 -> 0.29053131
A8: ='PharmaSales&R&D'!A18 -> 1997 | B8: ='PharmaSales&R&D'!H18 -> 0.24359697 | C8: ='BiotectSales&R&D'!G17 -> -0.1191678 | D8: ='PharmaSales&R&D'!J18 -> 0.34967845 | E8: ='BiotectSales&R&D'!I17 -> 0.25887829
A9: ='PharmaSales&R&D'!A19 -> 1998 | B9: ='PharmaSales&R&D'!H19 -> 0.24008643 | C9: ='BiotectSales&R&D'!G18 -> -0.091111088 | D9: ='PharmaSales&R&D'!J19 -> 0.35156288 | E9: ='BiotectSales&R&D'!I18 -> 0.2432831
A10: ='PharmaSales&R&D'!A20 -> 1999 | B10: ='PharmaSales&R&D'!H20 -> 0.25583742 | C10: ='BiotectSales&R&D'!G19 -> -0.049593562 | D10: ='PharmaSales&R&D'!J20 -> 0.36665912 | E10: ='BiotectSales&R&D'!I19 -> 0.32434944
A11: ='PharmaSales&R&D'!A21 -> 2000 | B11: ='PharmaSales&R&D'!H21 -> 0.26606782 | C11: ='BiotectSales&R&D'!G20 -> -0.11285461 | D11: ='PharmaSales&R&D'!J21 -> 0.38019665 | E11: ='BiotectSales&R&D'!I20 -> 0.2717587
A12: ='PharmaSales&R&D'!A22 -> 2001 | B12: ='PharmaSales&R&D'!H22 -> 0.31476322 | C12: ='BiotectSales&R&D'!G21 -> -0.14807219 | D12: ='PharmaSales&R&D'!J22 -> 0.45220716 | E12: ='BiotectSales&R&D'!I21 -> 0.25419598
A13: ='PharmaSales&R&D'!A23 -> 2002 | B13: ='PharmaSales&R&D'!H23 -> 0.30818927 | C13: ='BiotectSales&R&D'!G22 -> -0.12621488 | D13: ='PharmaSales&R&D'!J23 -> 0.44767069 | E13: ='BiotectSales&R&D'!I22 -> 0.26569252
... A25: ='PharmaSales&R&D'!A35 -> 2014 | B25: ='PharmaSales&R&D'!H35 -> 0.23833624 | C25: ='BiotectSales&R&D'!G34 -> 0.27718076 | D25: ='PharmaSales&R&D'!J35 -> 0.38192617 | E25: ='BiotectSales&R&D'!I34 -> 0.46757561

Sheet R&D and Growth
B1: Pharmaceutical Firms | E1: Biotech Firms
A2: ='PharmaSales&R&D'!A10 -> Year | B2: R&D/Sales | C2: Revenue Growth Rate | D2: Growth to R&D Ratio | E2: R&D/Sales | F2: Revenue Growth Rate | G2: Growth to R&D Ratio
A3: ='PharmaSales&R&D'!A12 -> 1991 | B3: ='PharmaSales&R&D'!I12 -> 0.10171549 | C3: ='PharmaSales&R&D'!C12 -> 0.49304826 | D3: =C3/B3 -> 4.8473271 | E3: ='BiotectSales&R&D'!H11 -> 0.26222316 | F3: ='BiotectSales&R&D'!C11 -> 14.442257 | G3: =F3/E3 -> 55.076208
A4: ='PharmaSales&R&D'!A13 -> 1992 | B4: ='PharmaSales&R&D'!I13 -> 0.10638445 | C4: ='PharmaSales&R&D'!C13 -> 0.063971651 | D4: =C4/B4 -> 0.60132521 | E4: ='BiotectSales&R&D'!H12 -> 0.2379662 | F4: ='BiotectSales&R&D'!C12 -> 0.82905492 | G4: =F4/E4 -> 3.4839189
A5: ='PharmaSales&R&D'!A14 -> 1993 | B5: ='PharmaSales&R&D'!I14 -> 0.1096509 | C5: ='PharmaSales&R&D'!C14 -> 0.035775542 | D5: =C5/B5 -> 0.32626764 | E5: ='BiotectSales&R&D'!H13 -> 0.26873108 | F5: ='BiotectSales&R&D'!C13 -> 0.48357404 | G5: =F5/E5 -> 1.7994719
A6: ='PharmaSales&R&D'!A15 -> 1994 | B6: ='PharmaSales&R&D'!I15 -> 0.10303965 | C6: ='PharmaSales&R&D'!C15 -> 0.15853493 | D6: =C6/B6 -> 1.5385819 | E6: ='BiotectSales&R&D'!H14 -> 0.3349866 | F6: ='BiotectSales&R&D'!C14 -> 0.27655419 | G6: =F6/E6 -> 0.82556791
A7: ='PharmaSales&R&D'!A16 -> 1995 | B7: ='PharmaSales&R&D'!I16 -> 0.10370578 | C7: ='PharmaSales&R&D'!C16 -> 0.17317536 | D7: =C7/B7 -> 1.6698719 | E7: ='BiotectSales&R&D'!H15 -> 0.31715303 | F7: ='BiotectSales&R&D'!C15 -> 0.42985794 | G7: =F7/E7 -> 1.3553644
A8: ='PharmaSales&R&D'!A17 -> 1996 | B8: ='PharmaSales&R&D'!I17 -> 0.10441778 | C8: ='PharmaSales&R&D'!C17 -> 0.1138371 | D8: =C8/B8 -> 1.0902081 | E8: ='BiotectSales&R&D'!H16 -> 0.34179866 | F8: ='BiotectSales&R&D'!C16 -> 0.1861191 | G8: =F8/E8 -> 0.54452846
A9: ='PharmaSales&R&D'!A18 -> 1997 | B9: ='PharmaSales&R&D'!I18 -> 0.10608147 | C9: ='PharmaSales&R&D'!C18 -> 0.13196176 | D9: =C9/B9 -> 1.2439662 | E9: ='BiotectSales&R&D'!H17 -> 0.37804609 | F9: ='BiotectSales&R&D'!C17 -> 0.14232974 | G9: =F9/E9 -> 0.37648779
A10: ='PharmaSales&R&D'!A19 -> 1998 | B10: ='PharmaSales&R&D'!I19 -> 0.11147644 | C10: ='PharmaSales&R&D'!C19 -> 0.19919621 | D10: =C10/B10 -> 1.7868906 | E10: ='BiotectSales&R&D'!H18 -> 0.33439419 | F10: ='BiotectSales&R&D'!C18 -> 0.21487471 | G10: =F10/E10 -> 0.64257908
A11: ='PharmaSales&R&D'!A20 -> 1999 | B11: ='PharmaSales&R&D'!I20 -> 0.1108217 | C11: ='PharmaSales&R&D'!C20 -> 0.15658908 | D11: =C11/B11 -> 1.4129821 | E11: ='BiotectSales&R&D'!H19 -> 0.373943 | F11: ='BiotectSales&R&D'!C19 -> 0.0032259112 | G11: =F11/E11 -> 0.0086267458
A12: ='PharmaSales&R&D'!A21 -> 2000 | B12: ='PharmaSales&R&D'!I21 -> 0.11412883 | C12: ='PharmaSales&R&D'!C21 -> 0.081450872 | D12: =C12/B12 -> 0.71367483 | E12: ='BiotectSales&R&D'!H20 -> 0.38461331 | F12: ='BiotectSales&R&D'!C20 -> 0.047899093 | G12: =F12/E12 -> 0.12453831
A13: ='PharmaSales&R&D'!A22 -> 2001 | B13: ='PharmaSales&R&D'!I22 -> 0.13744394 | C13: ='PharmaSales&R&D'!C22 -> -0.081749306 | D13: =C13/B13 -> -0.59478291 | E13: ='BiotectSales&R&D'!H21 -> 0.40226817 | F13: ='BiotectSales&R&D'!C21 -> 0.11961371 | G13: =F13/E13 -> 0.29734819
A14: ='PharmaSales&R&D'!A23 -> 2002 | B14: ='PharmaSales&R&D'!I23 -> 0.13948142 | C14: ='PharmaSales&R&D'!C23 -> 0.048035309 | D14: =C14/B14 -> 0.34438501 | E14: ='BiotectSales&R&D'!H22 -> 0.3919074 | F14: ='BiotectSales&R&D'!C22 -> 0.11336644 | G14: =F14/E14 -> 0.28926844
... A26: ='PharmaSales&R&D'!A35 -> 2014 | B26: ='PharmaSales&R&D'!I35 -> 0.14358992 | C26: ='PharmaSales&R&D'!C35 -> 0.016740654 | D26: =C26/B26 -> 0.11658655 | E26: ='BiotectSales&R&D'!H34 -> 0.19039484 | F26: ='BiotectSales&R&D'!C34 -> 0.29590254 | G26: =F26/E26 -> 1.5541521
A27: 1991-1995 | B27: =AVERAGE(B3:B7) -> 0.10489925 | C27: =AVERAGE(C3:C7) -> 0.18490115 | D27: =AVERAGE(D3:D7) -> 1.7966747 | E27: =AVERAGE(E3:E7) -> 0.28421201 | F27: =AVERAGE(F3:F7) -> 3.2922597 | G27: =AVERAGE(G3:G7) -> 12.508106
A28: 1996-2000 | B28: =AVERAGE(B8:B12) -> 0.10938524 | C28: =AVERAGE(C8:C12) -> 0.136607 | D28: =AVERAGE(D8:D12) -> 1.2495444 | E28: =AVERAGE(E8:E12) -> 0.36255905 | F28: =AVERAGE(F8:F12) -> 0.11888971 | G28: =AVERAGE(G8:G12) -> 0.33935208
A29: 2001-2005 | B29: =AVERAGE(B13:B17) -> 0.14522004 | C29: =AVERAGE(C13:C17) -> 0.045102842 | D29: =AVERAGE(D13:D17) -> 0.3006373 | E29: =AVERAGE(E13:E17) -> 0.35627867 | F29: =AVERAGE(F13:F17) -> 0.2445034 | G29: =AVERAGE(G13:G17) -> 0.71328137
A30: 2006-2010 | B30: =AVERAGE(B18:B22) -> 0.15795097 | C30: =AVERAGE(C18:C22) -> 0.065172454 | D30: =AVERAGE(D18:D22) -> 0.4179812 | E30: =AVERAGE(E18:E22) -> 0.28205511 | F30: =AVERAGE(F18:F22) -> 0.2302426 | G30: =AVERAGE(G18:G22) -> 0.90228727
A31: 2011-2014 | B31: =AVERAGE(B23:B26) -> 0.14355397 | C31: =AVERAGE(C23:C26) -> 0.012003554 | D31: =AVERAGE(D23:D26) -> 0.084493454 | E31: =AVERAGE(E23:E26) -> 0.1963751 | F31: =AVERAGE(F23:F26) -> 0.18342672 | G31: =AVERAGE(G23:G26) -> 0.94599262
